Cogmind - Beta 16.1 @@@ ROGUE MODE // 2026.02.19 @ 09:22:23 Player: H3-MLN Result: Escaped singularity! Performance ------------- Evolutions (9) 4500 Regions Visited (33) 6600 Robots Destroyed (857) 4285 Value Destroyed (50962) 50962 Prototype IDs (406) 8120 Alien Tech Used (9) 1800 Bonus (82249) 82249 TOTAL SCORE: 158516 Bonus ------- Triggered High Security 2000 High Alert Combat Kills 33928 Follower Combat Kills 3886 Awakened Behemoth Slayer 1000 Entered DSFs 500 Network Hubs Disabled 800 Aligned with FarCom 300 Met Data Miner 300 Met Imprinter 300 Was Imprinted 300 Built Enhanced Grunts 300 A7 Reached Mainframe 300 Met R17 at Cetus 500 Scanned by Researcher 500 Destroyed MAIN.C Guards 500 Met MAIN.C 5000 Destroyed MAIN.C Shell 5000 Destroyed MAIN.C 10000 Met Architect 300 Destroyed A8 300 Destroyed A6 400 Destroyed A5 500 Destroyed Architect 15000 Win 3000 Friendly Fire -2665 Cogmind --------- Core Integrity 489/1600 Matter 269/300 Energy 99/100 System Corruption 0% Temperature Cool (0) Movement Core (50) Location Near Former Tau Ceti IV Parts ------- > --- POWER (3) -------- (None) > --- PROPULSION (6) --- (None) > --- UTILITY (14) ----- (None) > --- WEAPON (3) ------- (None) > --- INVENTORY (5) ---- Improved Matter Compressor (56) Concept Matter Streamer Concept Disintegration Ray (1) Concept Miniperforator Z-bomb Delivery System Peak State ------------ > --- POWER ------------ Quantum Reactor Hybrid Graviton Reactor Concept Zero-point Core > --- PROPULSION ------- Experimental VSS Leg Zionite Supercomposite Leg Experimental Armored Exoskeleton > --- UTILITY ---------- Concept Phasing Heat Sink Concept Thermoelectric Network Concept Antigrav Storage Unit Concept Hypertargeting System Concept Countertargeting System Concept Core Analysis Suite Concept Cloak Mesh Concept Cloak Mesh Improved Utility Shielding Zionite Shade Armor Concept Network Penetrator Concept Network Penetrator Concept Navigation Harness > --- WEAPON ----------- Enhanced Nova Cannon Concept XC Strikerail Concept Miniperforator > --- INVENTORY -------- Particle Reactor Heavy Siege Treads Centrium Leg Concept Chromion Battery Concept Chromion Battery Concept NT7 Matterbank Concept NT7 Matterbank Experimental Targeting Computer Concept Core Analysis Suite Mini Quantum Capacitor Experimental Weapon Cycler Zionite Shade Armor Improved Powered Armor Graphene Brace Concept Matter Streamer High-powered Transdimensional Reconstructor Subatomic Replicator Concept Disintegration Ray Concept Disintegration Ray Concept Plasma Driver Concept Plasma Driver Zionite Alpha Cannon Mk. II Concept Miniperforator Concept Smart ZDS [Rating: 315] Favorites ----------- Power Quantum Reactor Engine Heavy Ion Engine Power Core Reinforced Fission Core Reactor Quantum Reactor Propulsion Enhanced Flexi-carbon Leg Treads Light Treads Leg Enhanced Flexi-carbon Leg Wheel Armored Wheel Hover Unit Gravmag Array Flight Unit Improved Flight Unit Utility High-capacity Storage Unit Device Tactical Coordination Suite Storage High-capacity Storage Unit Processor Experimental Targeting Computer Hackware Concept Network Penetrator Protection Centrium Medium Armor Plating Artifact Phase Armor Weapon Heavy Machine Gun Energy Gun Cooled Pulse Rifle Energy Cannon Enhanced Nova Cannon Ballistic Gun Heavy Machine Gun Ballistic Cannon Concept Miniperforator Launcher Z-bomb Delivery System Special Weapon Mining Laser Impact Weapon Core Stripper Slashing Weapon Plasma Sword Piercing Weapon CR-A16's Pointy Stick Special Melee Weapon Improved Datajack Build | -11 -10 -10 -9 -9 -9 -8 -8 -7 -7 -7 -7 -6 -6 -6 -6 -6 -5 -5 -5 -5 -5 -5 -4 -4 -4 -4 -3 -3 -3 -2 -1 -1 -1 ------- Run | Yrd Mat Min Mat Min Exi Min Mat Fac Low Low Zio Pro Fac Low Low Dat Pro Fac Ext Cet Arc Hub Fac Was Fac DSF Res Qua Frg Res Acc Com Ac0 Slots Evolved 18 | . . . 2 . . . 2 2 . . . . 2 . . . . 2 . . . . 2 . . . 2 . . 2 2 . . Power 2 | . . . . . . . . . . . . . 1 . . . . . . . . . . . . . . . . 1 . . . Propulsion 3 | . . . . . . . 2 . . . . . . . . . . 1 . . . . . . . . . . . . . . . Utility 12 | . . . 1 . . . . 2 . . . . 1 . . . . 1 . . . . 2 . . . 2 . . 1 2 . . Weapon 1 | . . . 1 . . . . . . . . . . . . . . . . . . . . . . . . . . . . . . Parts Attached 490 | 8 1 3 23 4 11 2 19 6 2 . 3 3 5 1 4 . 13 30 13 11 13 28 24 . 3 11 33 20 89 15 31 50 11 Power 51 | 1 . . 2 . 4 . . . . . . . . 1 . . 2 3 2 3 . 5 2 . 1 . 2 4 7 3 6 2 1 Engine 8 | 1 . . 2 . 1 . . . . . . . . . . . 1 1 1 . . 1 . . . . . . . . . . . Core 10 | . . . . . 2 . . . . . . . . 1 . . 1 1 1 . . 1 . . . . . . 2 1 . . . Reactor 33 | . . . . . 1 . . . . . . . . . . . . 1 . 3 . 3 2 . 1 . 2 4 5 2 6 2 1 Propulsion 104 | 2 . 1 8 . 2 . 7 . . . . 2 2 . 1 . . 9 5 . 6 5 5 . . 9 7 2 8 3 8 11 1 Treads 15 | 1 . 1 6 . 1 . 1 . . . . . . . . . . . . . . . 1 . . . . . . . 3 1 . Leg 79 | . . . . . . . 6 . . . . 2 2 . 1 . . 9 5 . 6 5 . . . 8 7 2 7 3 5 10 1 Wheel 3 | 1 . . 1 . 1 . . . . . . . . . . . . . . . . . . . . . . . . . . . . Hover 5 | . . . . . . . . . . . . . . . . . . . . . . . 4 . . 1 . . . . . . . Flight 2 | . . . 1 . . . . . . . . . . . . . . . . . . . . . . . . . 1 . . . . Utility 215 | 2 1 . 7 1 3 . 4 4 . . 2 1 2 . . . 8 9 5 4 4 13 12 . 2 1 11 12 51 6 13 30 7 Device 106 | 1 . . 1 1 2 . 1 2 . . 2 . 1 . . . 2 4 3 . 4 11 8 . 1 . 7 6 27 2 4 11 5 Storage 13 | 1 1 . 1 . . . . . . . . . . . . . . 2 . . . . . . . . . 1 5 . . 2 . Processor 26 | . . . . . . . 1 2 . . . . . . . . . 2 . 1 . 1 3 . 1 . 1 2 4 . 2 6 . Hackware 3 | . . . . . . . . . . . . . . . . . . . . . . . . . . . . . . 2 1 . . Protection 66 | . . . 5 . 1 . 2 . . . . 1 1 . . . 6 1 2 3 . 1 1 . . 1 3 2 15 2 6 11 2 Artifact 1 | . . . . . . . . . . . . . . . . . . . . . . . . . . . . 1 . . . . . Weapon 120 | 3 . 2 6 3 2 2 8 2 2 . 1 . 1 . 3 . 3 9 1 4 3 5 5 . . 1 13 2 23 3 4 7 2 Energy Gun 31 | 2 . . 3 1 . . 1 2 . . . . . . . . . 1 . 2 . 1 1 . . 1 4 . 9 . . 3 . Energy Cannon 20 | . . . . . . 1 . . . . . . . . . . . 1 . . 2 1 1 . . . 3 . 4 1 3 1 2 Ballistic Gun 27 | 1 . 1 3 . 1 . 6 . 2 . . . . . . . 2 2 . 2 . 1 . . . . 4 . . 1 1 . . Ballistic Cannon 6 | . . . . . . . 1 . . . . . . . . . . . . . . . . . . . 1 1 2 1 . . . Launcher 14 | . . 1 . 2 1 . . . . . . . . . 1 . 1 . . . . 1 1 . . . . . 3 . . 3 . Special Weapon 7 | . . . . . . 1 . . . . 1 . . . 2 . . 1 . . . 1 . . . . 1 . . . . . . Impact Weapon 2 | . . . . . . . . . . . . . . . . . . . . . . . . . . . . 1 1 . . . . Slashing Weapon 9 | . . . . . . . . . . . . . . . . . . 4 1 . . . 1 . . . . . 3 . . . . Piercing Weapon 2 | . . . . . . . . . . . . . 1 . . . . . . . . . . . . . . . 1 . . . . Special Melee Weapon 2 | . . . . . . . . . . . . . . . . . . . . . 1 . 1 . . . . . . . . . . Unidentified Prototypes 96 | . . . 2 . 4 . 1 2 . . 2 . . . 1 . 2 5 . 3 . 5 3 . . . 5 13 33 3 6 6 . Corrupted Parts 4 | . . . . . . . . . . . . . . . . . . 1 . . . 1 . . . . . . 1 . . 1 . System Corruption 17 | . . . . . . . . . . . . . . . . . . 1 . . . 6 . . . . . . 9 . . 1 . Parts Lost 130 | . . 3 3 . 2 2 4 . . . . . . . . . 4 8 8 1 . 20 9 . . 1 6 1 27 3 8 6 14 Power 16 | . . . 1 . . . . . . . . . . . . . . 3 1 . . 3 . . . . 1 . 3 . 2 1 1 Propulsion 29 | . . 1 1 . 1 . 1 . . . . . . . . . 1 2 4 1 . 5 2 . . 1 2 . 2 1 . 3 1 Utility 60 | . . . 1 . . . 1 . . . . . . . . . 1 2 2 . . 9 6 . . . 3 1 15 2 4 2 11 Weapon 25 | . . 2 . . 1 2 2 . . . . . . . . . 2 1 1 . . 3 1 . . . . . 7 . 2 . 1 Highest Loss Streak 11 | . . 1 2 . 1 1 2 . . . . . . . . . 2 3 3 1 . 11 8 . . 1 5 1 6 2 2 5 8 To Critical Strikes 3 | . . . . . 1 . . . . . . . . . . . . . . . . 1 . . . . . . . . . . 1 Average Backups 18 | 1 6 9 16 17 18 16 15 15 15 15 16 18 18 18 16 16 18 19 19 19 19 18 18 18 18 18 18 18 21 22 22 22 20 Power . | . 1 1 . 1 1 1 1 1 1 1 1 1 1 . . . . . . . . . . . . . . 1 . . . 1 1 Propulsion 1 | . 3 3 4 4 3 4 1 1 1 . . . . . . . . . . . . 1 3 . . 1 1 1 1 1 2 1 . Utility 9 | . 1 2 5 6 8 9 8 8 9 9 9 8 8 8 8 8 11 12 10 9 8 7 7 8 7 7 6 6 11 11 10 12 12 Weapon 6 | . 1 2 5 6 4 2 3 4 3 4 5 8 8 8 7 7 6 7 9 10 10 8 6 9 10 9 10 8 6 6 6 6 7 Tool/Special . | . . . . . . . . . . . . . . . . . . . . . . . . . . . . . . . . . . Unused Backups 97 | . . . 10 . 5 . 1 . . 1 3 1 2 1 . . . 2 3 1 1 3 7 . 1 . 4 2 12 3 6 25 3 Power 14 | . . . 1 . 3 . . . . . . . . . . . . . . . . 2 . . . . . 1 2 . 2 3 . Propulsion 26 | . . . 3 . 1 . . . . 1 . . . . . . . . . . . . 4 . . . 2 . 3 . 3 9 . Utility 42 | . . . 5 . 1 . 1 . . . 1 1 . . . . . 2 2 1 1 1 2 . 1 . 1 . 6 2 1 10 3 Weapon 13 | . . . 1 . . . . . . . 2 . 2 . . . . . 1 . . . 1 . . . 1 . 1 1 . 3 . Tool/Special 2 | . . . . . . . . . . . . . . 1 . . . . . . . . . . . . . 1 . . . . . Average Slot Usage (%) 92 | . 100 99 98 100 79 90 98 99 100 100 99 100 93 98 99 100 93 82 97 98 99 98 74 71 70 89 93 92 81 81 86 87 90 Engine 2 | . 14 14 10 11 8 . . . . . . . . . . . 3 4 3 1 . . . . . . . . . . . . . Core 3 | . . . . . 2 11 9 7 7 7 7 7 6 11 12 12 8 4 2 1 . . 3 . . . . . 1 6 3 . . Reactor 3 | . . . . . . . . . . . . . . . . . . . 3 8 11 9 4 5 7 10 9 7 5 5 6 3 3 Treads 4 | . 14 17 21 22 18 11 4 . . . . . . . . . . . . . . . 3 . . . . . . . 2 . . Leg 19 | . . . . . . . 29 30 30 30 30 30 26 26 26 31 30 28 31 31 32 32 10 . . 16 26 27 15 10 10 20 22 Device 15 | . 14 14 8 11 11 11 . 9 7 7 11 14 13 18 19 18 13 11 17 11 11 16 23 20 15 14 18 13 18 28 23 22 22 Storage 6 | . 14 14 11 11 11 11 9 7 7 7 7 7 6 6 6 6 6 5 5 5 5 5 5 5 5 5 4 4 5 4 3 3 3 Processor 10 | . . . . . . . 8 14 23 23 18 15 13 13 12 12 8 8 11 11 11 6 8 15 17 20 15 19 15 4 9 15 14 Protection 5 | . . . 12 11 5 11 9 5 . . . . 5 1 . . 2 . 2 10 10 8 . 5 5 5 4 6 5 . 7 7 10 Energy Gun 4 | . 14 19 10 17 . . 1 5 7 7 7 7 6 6 5 4 5 3 . 6 . 2 . . . 2 1 7 4 . . 1 . Energy Cannon 2 | . . . . . . . . . . . . . . . . 2 . . . . 10 3 . . . 1 7 2 3 6 4 3 6 Ballistic Gun 7 | . 14 6 22 11 18 15 23 16 15 15 15 15 12 13 12 12 11 5 . 7 . 4 . . . . 1 . . 2 2 . . Slashing Weapon 1 | . . . . . . . . . . . . . . . . . . 7 15 2 4 1 . . . 5 . . 1 . . . . Peak Build Rating 315 | 7 7 9 22 20 38 39 54 62 66 66 74 69 74 84 86 90 98 124 124 125 139 153 133 114 108 134 168 201 281 307 315 288 289 Average Rating 128 | 4 7 7 16 19 25 30 47 59 61 62 65 68 73 79 83 87 87 103 111 120 137 140 108 109 104 120 152 175 219 298 280 273 275 On Entrance 100 | . 7 7 8 19 20 32 30 51 61 66 63 68 68 74 84 86 90 86 124 112 124 139 71 105 99 108 131 165 190 280 294 266 280 Avg Prop Armor Cover (%) 10 | 14 13 12 8 . 5 7 17 . . . . . . . . . . 4 8 . 12 . 13 . . . . . 1 . 2 14 3 Naked Turns 1 | . . . . . . . . . . . . . . . . . . . . . . . . . . . . . . . . . 1 Heaviest Build 172 | 14 49 51 68 66 84 80 78 82 76 76 81 87 83 90 94 96 96 93 90 117 130 123 92 58 60 83 127 159 151 121 143 163 172 Greatest Support 184 | 20 16 40 40 40 40 12 90 85 85 85 85 85 90 90 105 105 105 134 137 137 170 172 88 61 66 150 172 172 172 161 178 184 184 Greatest Overweight (x) 41 | . 3 3 5 1 6 6 6 . . . . 1 . . 1 . . 1 . 1 41 . 1 . . . . . . 1 1 1 . Average Overweight (x) . | . 2 2 1 1 2 6 1 . . . . . . . . . . . . . 16 . . . . . . . . . . . . Largest Inventory Capacity 25 | 8 20 20 20 20 20 20 20 20 20 20 20 20 20 20 20 20 20 20 20 20 20 20 20 20 20 20 20 20 25 25 25 25 25 Average Capacity 21 | 7 17 20 20 20 20 20 20 20 20 20 20 20 20 20 20 20 20 20 20 20 20 20 20 20 20 20 20 20 23 25 25 25 24 Most Carried 25 | 5 7 18 20 20 20 20 20 20 20 20 20 20 20 20 20 18 20 20 20 20 20 20 20 20 20 20 20 20 25 25 25 25 25 Average Carried 20 | 2 6 12 19 19 19 20 19 19 19 18 19 19 19 19 18 18 19 19 19 19 19 19 19 19 19 19 19 19 22 22 24 23 21 Final Capacity 25 | 8 20 20 20 20 20 20 20 20 20 20 20 20 20 20 20 20 20 20 20 20 20 20 20 20 20 20 20 20 25 25 25 25 5 Final Carried 25 | 5 7 17 20 20 20 20 19 20 20 20 20 20 20 20 18 18 20 20 20 20 20 15 20 20 20 20 20 20 20 25 25 25 5 Class Distribution -------------------- 17% | Scavenger-Mutant 15% | Skirmisher 9% | Mutant 9% | Scavenger-Skirmisher 9% | Scavenger-Gunner 7% | Tank 7% | Scavenger-Tank 5% | Hacker-Gunner 3% | Messiah-Skirmisher Dominant Class ---------------- Mutant | -10/Materials Mutant | -10/Mines Tank | -9/Materials Tank | -9/Mines Mutant | -9/Exiles Mutant | -8/Mines Tank | -8/Materials Gunner | -7/Factory Skirmisher | -7/Lower Caves Skirmisher | -7/Lower Caves Skirmisher | -7/Zion Skirmisher | -6/Proximity Caves Skirmisher | -6/Factory Skirmisher | -6/Lower Caves Scavenger-Skirmisher | -6/Lower Caves Scavenger-Skirmisher | -6/Data Miner Scavenger-Skirmisher | -5/Proximity Caves Scavenger-Skirmisher | -5/Factory Messiah-Gladiator | -5/Extension Commander-Gunner | -5/Cetus Scavenger-Mutant | -5/Archives Scavenger-Tank | -5/Hub_04(d) Scavenger-Mutant | -4/Factory Messiah-Mutant | -4/Waste Messiah-Mutant | -4/Factory Messiah-Mutant | -4/DSF Messiah-Skirmisher | -3/Research Messiah-Skirmisher | -3/Quarantine Scavenger-Mutant | -3/Protoforge Wizard-Gunner | -2/Research Hacker-Gunner | -1/Access Scavenger-Gunner | -1/Command Messiah-Tank | -1/Access_0 Resources | -11 -10 -10 -9 -9 -9 -8 -8 -7 -7 -7 -7 -6 -6 -6 -6 -6 -5 -5 -5 -5 -5 -5 -4 -4 -4 -4 -3 -3 -3 -2 -1 -1 -1 ----------- Run | Yrd Mat Min Mat Min Exi Min Mat Fac Low Low Zio Pro Fac Low Low Dat Pro Fac Ext Cet Arc Hub Fac Was Fac DSF Res Qua Frg Res Acc Com Ac0 Matter Collected 37392 | 253 52 603 897 137 1220 237 968 96 38 172 50 120 . 168 220 . 666 2986 379 281 262 1038 595 585 . 228 612 475 5387 2739 8029 3839 4060 Remotely 7022 | . . . . . . . . . . . . . . . . . . . . . . . . . . . . . 409 1060 4431 1104 18 Salvage Created 51979 | 18 52 321 1548 28 475 398 1720 96 49 334 . 192 . 30 348 . 503 1646 1142 346 884 3294 573 1442 . 285 1714 1407 10041 2819 13275 6473 526 Parts 1954 | 3 4 22 102 7 51 22 106 8 . 11 . 10 . 2 16 . 30 66 41 13 81 164 14 8 . 24 71 61 385 113 262 239 18 Haulers Intercepted 18 | . . . 5 . . . 4 1 . . . . . . . . 1 3 . . . 1 . . . . 3 . . . . . . Recyclers Shooed 9 | . . . 2 . . . 1 . . . . . . . . . . 4 . . . . . . . . . 1 . . . 1 . Parts Field Recycled . | . . . . . . . . . . . . . . . . . . . . . . . . . . . . . . . . . . Retrieved Matter . | . . . . . . . . . . . . . . . . . . . . . . . . . . . . . . . . . . Parts Self-Destructed 73 | . . . . . . . . . . 11 . 26 . 9 15 . 12 . . . . . . . . . . . . . . . . Prevented 20 | . . . . . . . . . 1 . . 2 . 2 4 . 11 . . . . . . . . . . . . . . . . Parts Restored 7 | . . . . . . . . . . . . . . . . . . . . . . . . . . . . . 7 . . . . Faulty 7 | . . . . . . . . . . . . . . . . . . . . . . . . . . . . . 7 . . . . Kills | -11 -10 -10 -9 -9 -9 -8 -8 -7 -7 -7 -7 -6 -6 -6 -6 -6 -5 -5 -5 -5 -5 -5 -4 -4 -4 -4 -3 -3 -3 -2 -1 -1 -1 ------- Run | Yrd Mat Min Mat Min Exi Min Mat Fac Low Low Zio Pro Fac Low Low Dat Pro Fac Ext Cet Arc Hub Fac Was Fac DSF Res Qua Frg Res Acc Com Ac0 Combat Hostiles Destroyed 681 | . 2 13 27 5 4 7 32 . . 5 . 2 . . 6 . 12 10 11 4 1 48 8 6 . 9 19 10 158 27 171 61 23 Melee 22 | . . . . . . . . . . . . . . . . . . 3 11 . . . . . . . . . 8 . . . . Guns 143 | . 2 5 24 1 1 4 23 . . 5 . 2 . . 4 . 4 7 . 4 1 15 2 . . 1 . 6 20 4 5 1 2 Cannons 309 | . . . . . . . . . . . . . . . 1 . . . . . . 10 2 . . 1 12 2 39 23 160 52 7 AOE 129 | . . 8 3 4 3 3 9 . . . . . . . 1 . 8 . . . . 17 3 6 . 7 5 . 38 . 3 2 9 Classes Destroyed 42 | 1 2 3 3 1 3 2 2 . . 1 . . . 1 2 . 2 2 1 . . 3 . 1 . 1 1 2 4 . 2 2 . Worker 40 | . . 1 5 . . 1 2 . . . . . . . . . . 6 . . . 9 2 . . . 1 . 1 5 5 2 . Builder 22 | . . . . . . . 4 . . . . . . . . . . 3 1 . . 2 . . . . 1 . 3 1 7 . . Tunneler 5 | 1 . . 1 . . 1 . . . . . . . . . . . . . . . . . . . . 1 . . . 1 . . Hauler 18 | . . . 5 . . . 4 1 . . . . . . . . 1 3 . . . 1 . . . . 3 . . . . . . Recycler 19 | . . . . . . 1 1 . . . . . . . . . . 4 4 . . . 1 . . . 1 2 . 2 . 3 . Minesweeper 2 | . . . . . . . . . . 1 . 1 . . . . . . . . . . . . . . . . . . . . . Mechanic 10 | . . . . . . . 1 . . . . . . . . . . . . . . . . . . . . . 2 . 7 . . Operator 14 | . . . 1 . . . 2 . . . . . . . . . . . . . 7 2 . . . . 1 1 . . . . . Drone 10 | . . . . . . . . . . . . . . . . . 1 . . . . . . . . . . . 9 . . . . Turret 1 | . . . . . 1 . . . . . . . . . . . . . . . . . . . . . . . . . . . . Watcher 17 | . 1 . . . . . 2 1 . . . . . . . . . 1 . 1 . 4 . . . . . . 2 2 3 . . Swarmer 57 | . 2 5 3 4 . . 10 . . . . . . . . . 4 . 4 . . 6 . . . 4 6 . . . 9 . . Cutter 2 | . . . . . . . . . . . . . . . . . . . . . . . . . . 2 . . . . . . . Saboteur 24 | . . . . . . . . . . . . . . . . . . . . . . . . . . . . . 6 . 15 3 . Grunt 209 | . . 6 14 . . 5 16 . . 5 . 2 . . 2 . 5 6 2 . . 15 2 . . . 4 1 42 5 55 22 . Brawler 32 | . . . . . . . . . . . . . . . 2 . . . . . . 1 2 . . . . . 10 . 12 5 . Duelist 30 | . . . 1 . . 1 . . . . . . . . . . . . . . . . 2 . . . . . 8 1 12 5 . Protector 16 | . . . . . . . . . . . . . . . . . . . . . . 1 1 . . . . . 3 . 9 2 . Researcher 7 | . . . . . . . . . . . . . . . . . . . . . . . . . . . . 3 4 . . . . Sentry 61 | . . 2 9 . . . 6 . . . . . . . . . 1 . 4 . 1 5 1 . . . 2 . 16 8 3 3 . Demolisher 1 | . . . . 1 . . . . . . . . . . . . . . . . . . . . . . . . . . . . . Specialist 12 | . . . . . . . . . . . . . . . . . . 2 . . . 4 . . . 3 . . 3 . . . . Hunter 42 | . . . . . . 1 . . . . . . . . . . . 1 . . . 3 . . . . 3 2 6 9 13 4 . Programmer 48 | . . . . . . . . . . . . . . . . . . . 1 . . 2 . . . . 3 6 11 3 19 3 . Heavy 4 | . . . . . . . . . . . . . . . . . . 1 . . . 1 . . . . . . . . 1 1 . Q-Series 3 | . . . . . . . . . . . . . . . . . . . . . . . . . . . . . 3 . . . . Behemoth 5 | . . . . . . . . . . . . . . . . . 1 . . . . . . . . . 1 . 1 1 . 1 . Compactor 6 | . . . . . . . . . . . . . . . . . . . . . . . . 6 . . . . . . . . . Cetus Guard 4 | . . . . . . . . . . . . . . . . . . . . 4 . . . . . . . . . . . . . M Guard 2 | . . . . . . . . . . . . . . . . . . . . . . . . . . . . . . . . 2 . Enhanced Grunt 20 | . . . . . . . . . . . . . . . . . . . . . 5 . . . . . . . . . . . 15 Enhanced Sentry 2 | . . . . . . . . . . . . . . . . . . . . . . . . . . . . . . . . . 2 Enhanced Hunter 2 | . . . . . . . . . . . . . . . . . . . . . . . . . . . . . . . . . 2 Lightning 9 | . . . . . . . . . . . . . . . . . . . . . . 9 . . . . . . . . . . . Hotshot 13 | . . . . . . . . . . . . . . . . . . . . . . . . . . . . . 13 . . . . Decapitator 16 | . . . . . . . . . . . . . . . . . . . . . . . . . . . . . 16 . . . . Immortal 3 | . . . . . . . . . . . . . . . . . . . . . . . . . . . . . 3 . . . . Combat Programmer 2 | . . . . . . . . . . . . . . . . . . . . . . . . . . . . . . . . 2 . Investigator 4 | . . . . . . . . . . . . . . . . . . . . . . . . . . . . . . . 3 1 . Striker 17 | . . . . . . . . . . . . . . . . . . . . . . . . . . . . . . . 12 5 . Executioner 11 | . . . . . . . . . . . . . . . . . . . . . . . . . . . . . . . 11 . . Alpha 7 2 | . . . . . . . . . . . . . . . . . . . . . . . . . . . . . 2 . . . . Fortress 1 | . . . . . . . . . . . . . . . . . . . . . . . . . . . . 1 . . . . . V-Series 6 | . . . . . . . . . . . . . . . . . . . . . . . . . . . . . 6 . . . . Zionite 8 | . . . . . 8 . . . . . . . . . . . . . . . . . . . . . . . . . . . . Z-Light 2 | . . . . . . . . . . . . . . . . . . . . . . 1 . . . . . . . . . 1 . Z-Heavy 1 | . . . . . . . . . . . . . . . . . . . . . . . . . . . 1 . . . . . . Z-EX 1 | . . . . . . . . . . . . . . . . . . . . . . . . . . . . . . . . 1 . Tinkerer 2 | . . . . . . . . . . . . . . 1 . . . . . . . . . . . . . . 1 . . . . Master Thief 2 | . . . . . . . . . . . . . . . 2 . . . . . . . . . . . . . . . . . . Assembled 7 | . . . . . 7 . . . . . . . . . . . . . . . . . . . . . . . . . . . . Thug 1 | . . . . . . . . . . . . . . . 1 . . . . . . . . . . . . . . . . . . Fireman 1 | . . . . . . . . . . . . . . . . . . . . . . 1 . . . . . . . . . . . Mutant 1 | . . . . . . . . . . . . . . . . . . . . . . . . . . . . . . . . 1 . Best Kill Streak 33 | 1 3 4 9 3 5 3 18 1 . 3 . 2 . . 3 . 5 5 6 3 2 13 4 6 . 6 7 3 18 10 33 30 6 Combat Bots Only 29 | . 2 4 9 3 3 3 13 . . 3 . 2 . . 3 . 5 4 4 3 1 10 4 6 . 6 5 3 18 6 29 28 6 Max Kills in Single Turn 17 | 1 1 3 3 2 4 2 3 1 . 1 . 1 . 1 1 . 4 2 1 1 1 8 2 1 . 4 3 1 17 2 4 3 2 Gunslinging 1 | . . . . . . . 1 . . . . . . . . . 1 . . . . . . . . . . . . . . . . Exploded 13 | . . 2 3 2 3 2 2 . . . . . . . 1 . 4 . . . . 5 2 1 . 4 2 . 13 . 3 1 2 Melee 1 | . . . . . . . . . . . . . . . . . . 1 1 . . . . . . . . . 1 . . . . Uniques/NPCs Destroyed 10 | . . . . . 4 . . . . . . . . . . . . . . . . . . . . . . . . . . 2 4 8R-AWN (-9/Exiles) EX-BIN (-9/Exiles) EX-HEX (-9/Exiles) EX-DEC (-9/Exiles) MAIN.C Shell (-1/Command) MAIN.C (-1/Command) A8 (-1/Access_0) A6 (-1/Access_0) A5 (-1/Access_0) Architect (-1/Access_0) Combat | -11 -10 -10 -9 -9 -9 -8 -8 -7 -7 -7 -7 -6 -6 -6 -6 -6 -5 -5 -5 -5 -5 -5 -4 -4 -4 -4 -3 -3 -3 -2 -1 -1 -1 -------- Run | Yrd Mat Min Mat Min Exi Min Mat Fac Low Low Zio Pro Fac Low Low Dat Pro Fac Ext Cet Arc Hub Fac Was Fac DSF Res Qua Frg Res Acc Com Ac0 Hostile Shots Fired 3625 | . 18 47 106 10 28 31 133 . . 18 . 16 . 28 20 . 54 117 118 17 6 328 56 . . 63 99 66 1038 76 241 252 639 Missed 1416 | . 5 16 31 2 3 10 39 . . 5 . 8 . 13 6 . 19 35 29 4 2 78 25 . . 33 27 28 416 29 54 125 374 Deflected 17 | . . . . . . . . . . . . . . . . . . . . . . . . . . . 2 . 3 . . 12 . Hits 2209 | . 13 31 75 8 25 21 94 . . 13 . 8 . 15 14 . 35 82 89 13 4 250 31 . . 30 72 38 622 47 187 127 265 Melee 43 | . . . 3 . . 2 . . . 1 . . . 1 4 . . . . . . . 1 . . . . . 29 . . 1 1 Projectile 2166 | . 13 31 72 8 25 19 94 . . 12 . 8 . 14 10 . 35 82 89 13 4 250 30 . . 30 72 38 593 47 187 126 264 AOE 11 | . . . . 1 . . . . . . . . . . . . . . . . . . . . . . . . 3 . 1 6 . Critical Strikes 181 | . 1 4 5 . 9 1 5 . . . . 1 . . . . . 8 3 4 . 29 5 . . . 6 2 61 2 13 7 15 Actively Blocked 26 | . . . . . . . . . . . . . . . . . . . 3 4 . . . . . . . . 2 . 4 7 6 Part Disruptions 12 | . . . . . . . . . . . . . . . . . . 1 . . . 5 . . . . . . 2 . . 3 1 Actively Blocked 1 | . . . . . . . . . . . . . . . . . . . . . . . . . . . . . . . . . 1 Damage Taken 45474 | . 104 379 1070 172 596 377 1440 . . 193 . 157 . 154 209 . 757 2001 1903 278 110 5096 1224 137 . 361 1727 531 13632 1091 4099 3388 4288 Core 3966 | . 15 53 57 32 91 54 165 . . 60 . . . 5 64 . 52 149 217 . . 404 237 18 . 37 126 86 1039 59 301 114 531 Absorbed by Shields 5779 | . . 34 . . 41 . . . . . . . . . . . . . 106 107 . . 44 . . . . . 2567 . . 743 2137 Reduced by Siege Mode 560 | . . . . . . . . . . . . . . . . . . . . . . . . . . . . . . . 560 . . Redirected to Shielding 1015 | . . . . . . . . . . . . . . 28 . . 15 . . . . 44 . 26 . 46 29 117 253 . 25 233 199 Ignored by Resistances 8095 | . . . 25 . . . . . . . . . . . . . . . . . . 2472 . . . . 363 271 1012 53 1402 261 2236 Regen/Repaired (Parts) 1380 | . . . 228 . . . 217 . . . . . . . . . . . . . . . . . . . . 170 765 . . . . Core Remaining (%) 62 | 100 . 72 . . . 41 70 . . . . 91 . . . . 85 . . . . 23 . . . 74 . . 3 95 . . 30 Volleys Fired 1879 | 1 9 30 92 5 69 33 89 4 1 19 5 10 8 4 18 . 23 52 . 21 41 138 35 9 . 7 54 59 339 56 286 228 134 Largest 3 | 2 2 2 3 3 3 3 3 3 3 3 1 3 3 3 3 . 3 3 . 3 2 3 2 1 . 2 3 3 3 3 3 3 3 Hottest 376 | 60 60 80 99 130 91 69 111 66 66 120 20 80 80 80 260 . 83 78 . 240 116 376 295 50 . 169 295 328 361 310 292 340 370 Shots Fired 3309 | 2 18 48 271 7 202 52 241 10 3 52 5 30 12 12 48 . 56 112 . 29 45 277 38 9 . 8 112 110 558 104 343 251 244 Gun 2026 | 2 18 36 270 3 198 44 233 10 3 52 5 30 12 12 43 . 53 110 . 29 45 207 11 . . 2 30 91 297 21 45 78 36 Cannon 1143 | . . . . . . 1 . . . . . . . . . . . 1 . . . 54 11 . . 3 78 19 253 82 297 170 174 Launcher 126 | . . 12 1 4 4 7 8 . . . . . . . 2 . 1 . . . . 12 15 9 . 1 3 . 8 1 1 3 34 Special 14 | . . . . . . . . . . . . . . . 3 . 2 1 . . . 4 1 . . 2 1 . . . . . . Kinetic 1461 | 1 9 7 185 1 194 44 216 6 2 38 . 20 4 8 30 . 36 60 . 27 5 131 7 . . . 24 . 36 44 257 69 . Thermal 1074 | 1 9 18 85 1 . . 17 4 1 14 5 10 8 4 15 . 17 35 . 2 40 119 14 . . 2 58 8 216 59 77 120 115 Explosive 117 | . . 12 1 4 4 7 8 . . . . . . . 3 . 3 . . . . 8 6 9 . 3 3 . 7 1 1 3 34 Electromagnetic 371 | . . 11 . 1 4 1 . . . . . . . . . . . 1 . . . 15 11 . . 3 22 11 291 . . . . Entropic 68 | . . . . . . . . . . . . . . . . . . . . . . . . . . . . . 8 . 5 19 36 Phasic 216 | . . . . . . . . . . . . . . . . . . 15 . . . 4 . . . . 4 91 . . 3 40 59 Robot Hit Streak 48 | 1 4 10 17 1 10 10 20 25 3 10 . 8 6 3 14 . 21 23 . 17 32 42 19 7 . 7 16 12 32 17 48 25 13 Robot Miss Streak 11 | . 2 2 11 3 3 2 9 1 . 6 . 3 1 2 2 . 3 4 . 2 1 6 2 7 . . 2 2 5 6 6 6 6 Penetration Max 3 | . . . . . . . . . . . . . . . . . . . . 1 . 1 . . . . 1 . 2 2 3 3 1 Secondary Targets 12 | . . . 2 . . . 3 . . 1 . . . . 1 . 1 1 . . . 1 . . . . . . 2 . . . . Max Gunslinging Chain 1 | . . . 1 . . . 1 . . 1 . . . . 1 . 1 1 . . . 1 . . . . . . 1 . . . . Capacitor 85 | . . . . . . . . . . . . . . . . . . . . . . . . . . . . . 16 . 5 64 . Shots Hit Robots 2389 | 1 10 24 171 1 132 33 169 7 1 32 . 19 4 6 29 . 38 98 60 21 51 180 25 9 . 8 65 64 406 71 292 211 151 Core Hits 2039 | 1 4 23 67 5 49 23 113 3 1 13 . 8 1 3 13 . 27 45 18 11 29 171 25 20 . 12 42 29 298 101 568 225 91 Critical Kills 285 | . . . . . 2 . 1 . . . . . . . . . . . . 5 6 10 . . . . 2 . 16 22 166 50 5 Critical Parts Destroyed 325 | . 1 . . . 2 . 1 . . . . 1 . . . . . . . 3 3 15 . . . . . . 5 17 221 56 . Critical Strikes 695 | . 1 . 5 . 4 . 2 . . . . 1 1 . . . 1 7 12 8 10 32 1 . . . 4 2 29 40 410 119 6 Burn 12 | . . . 5 . . . . . . . . . 1 . . . 1 2 . . . . . . . . . . . . . 3 . Meltdown 26 | . . . . . . . . . . . . . . . . . . . . . . . . . . . 2 . 9 . 3 7 5 Destroy 625 | . 1 . . . 4 . 2 . . . . 1 . . . . . . . 8 10 27 . . . . 1 . 15 40 407 109 . Blast 1 | . . . . . . . . . . . . . . . . . . . . . . . . . . . . . 1 . . . . Corrupt 6 | . . . . . . . . . . . . . . . . . . . . . . 1 . . . . 1 . 4 . . . . Sever 20 | . . . . . . . . . . . . . . . . . . 4 12 . . 3 1 . . . . . . . . . . Intensify 4 | . . . . . . . . . . . . . . . . . . 1 . . . 1 . . . . . 2 . . . . . Phase 1 | . . . . . . . . . . . . . . . . . . . . . . . . . . . . . . . . . 1 Melee Attacks 204 | . . . . . . . . . . . . . 1 . 1 . . 44 76 . 8 6 18 . . 1 10 2 37 . . . . Kinetic 9 | . . . . . . . . . . . . . . . . . . . . . . . . . . . . 2 7 . . . . Impact . | . . . . . . . . . . . . . . . . . . . . . . . . . . . . . . . . . . Slashing 161 | . . . . . . . . . . . . . . . . . . 44 76 . 7 6 1 . . 1 . . 26 . . . . Piercing 32 | . . . . . . . . . . . . . 1 . 1 . . . . . . . 16 . . . 10 . 4 . . . . Sneak Attacks 39 | . . . . . . . . . . . . . . . . . . 9 10 . 8 1 4 . . 1 . 1 5 . . . . Combat Hostiles 1 | . . . . . . . . . . . . . . . . . . . 1 . . . . . . . . . . . . . . Follow-up Attacks 28 | . . . . . . . . . . . . . . . . . . 7 20 . . . . . . . . . 1 . . . . Damage Inflicted 124102 | 10 126 982 2638 318 2355 927 4076 107 19 657 . 477 103 130 931 . 1764 3449 3099 331 1417 10884 2142 3072 . 1087 3094 2386 39225 3328 7652 8375 18941 Guns 32178 | 10 126 261 2482 15 1976 467 2652 107 19 657 . 477 103 130 649 . 673 1558 . 331 731 3414 105 . . 48 508 1824 8005 568 1068 1994 1220 Cannons 34158 | . . . . . . 7 . . . . . . . . . . . . . . . 1663 307 . . 95 1948 562 8220 2760 5628 5881 7087 Explosions 50327 | . . 721 154 303 379 453 1424 . . . . . . . 175 . 1013 432 . . . 5514 1492 3072 . 790 482 . 21833 . 956 500 10634 Melee 6834 | . . . . . . . . . . . . . . . . . . 1459 3099 . 686 128 199 . . 81 156 . 1026 . . . . Ramming 143 | . . . 2 . . . . . . . . . . . . . . . . . . . . . . . . . 141 . . . . Kinetic 19383 | . 81 58 1652 15 1976 467 2437 70 . 469 . 324 58 111 461 . 446 821 . 308 36 1999 80 . . . 451 . 1171 944 4116 832 . Thermal 46599 | 10 45 357 830 . . . 215 37 19 188 . 153 45 19 188 . 227 440 . 23 695 3227 598 . . 48 1417 199 24132 2384 2183 4043 4877 Explosive 27445 | . . 475 154 303 379 305 1424 . . . . . . . 175 . 1013 . . . . 1667 919 3072 . 790 482 . 4197 . 956 500 10634 Electromagnetic 14081 | . . 92 . . . 155 . . . . . . . . . . . 432 . . . 3566 307 . . 95 588 363 8483 . . . . Impact . | . . . . . . . . . . . . . . . . . . . . . . . . . . . . . . . . . . Slashing 6738 | . . . . . . . . . . . . . . . 107 . 78 1459 3099 . 686 293 39 . . 154 . . 823 . . . . Piercing 355 | . . . . . . . . . . . . . . . . . . . . . . . 199 . . . 156 . . . . . . Entropic 2407 | . . . . . . . . . . . . . . . . . . . . . . . . . . . . . 278 . 184 725 1220 Phasic 6951 | . . . . . . . . . . . . . . . . . . 297 . . . 132 . . . . . 1824 . . 213 2275 2210 Highest Corruption 39 | . . . 1 1 1 3 . . . . . . . . . . 4 5 5 2 2 39 24 17 13 13 2 3 23 . 3 6 . Average Corruption 4 | . . . 1 1 1 2 . . . . . . . . . . 4 4 2 2 1 14 18 15 13 13 1 2 11 . 2 4 . Corruption Purged 34 | . . . . . . . . . . . . . . . . . . . 5 . 2 . 9 6 . . . 2 3 . . 7 . Corruption Blocked 20 | . . . . . . . . . . . . . . . . . . . . . . . . . . . . . 20 . . . . Effects 305 | . . . 6 14 16 13 . . . . . . . . . . 1 2 11 4 . 43 20 6 1 5 7 11 85 . 19 41 . Message Errors 80 | . . . 1 5 3 1 . . . . . . . . . . . . 5 2 . 9 3 . 1 1 2 2 25 . 5 15 . Matter Fused 69 | . . . 2 6 5 2 . . . . . . . . . . . . 2 2 . 8 5 4 . 1 1 2 17 . 4 8 . Heat Flow Errors 33 | . . . . 2 3 3 . . . . . . . . . . 1 1 2 . . 2 2 1 . . 1 3 7 . 3 2 . Energy Discharges 29 | . . . 1 1 2 . . . . . . . . . . . . . 2 . . 3 1 . . 3 1 . 11 . . 4 . Parts Rejected 5 | . . . . . . . . . . . . . . . . . . . . . . . . 1 . . . . 3 . . 1 . Parts Fused 2 | . . . . . . 1 . . . . . . . . . . . . . . . . . . . . . . . . . 1 . Data Loss (minor) 42 | . . . 1 . 3 4 . . . . . . . . . . . . . . . 6 3 . . . 2 2 12 . 5 4 . Data Loss (major) 14 | . . . . . . . . . . . . . . . . . . 1 . . . 4 1 . . . . 2 3 . 2 1 . Misfires 6 | . . . . . . 1 . . . . . . . . . . . . . . . 2 . . . . . . 2 . . 1 . Alerts 5 | . . . . . . 1 . . . . . . . . . . . . . . . . . . . . . . 2 . . 2 . Misdirections 7 | . . . . . . . . . . . . . . . . . . . . . . 1 5 . . . . . 1 . . . . Weapon Failures 13 | . . . 1 . . . . . . . . . . . . . . . . . . 8 . . . . . . 2 . . 2 . Overload Shots 4 | . . . . . . . . . . 1 . . 2 . . . . . . 1 . . . . . . . . . . . . . Overflow Damage 4798 | . . . 5 10 7 . 26 . . . . . . . 19 . . 242 400 . 106 206 . . . 9 130 11 2111 186 276 104 950 Projectiles 1049 | . . . . . . . . . . . . . . . 19 . . . . . . 131 . . . 9 130 11 241 186 184 104 34 Explosions 2763 | . . . 5 10 7 . 26 . . . . . . . . . . 19 . . . 75 . . . . . . 1613 . 92 . 916 Melee 986 | . . . . . . . . . . . . . . . . . . 223 400 . 106 . . . . . . . 257 . . . . Knockbacks 64 | . . . . . . . . . . . . . . . . . . . . . . . . . . . . . 11 13 23 17 . Impact 1 | . . . . . . . . . . . . . . . . . . . . . . . . . . . . . 1 . . . . Kinetic 61 | . . . . . . . . . . . . . . . . . . . . . . . . . . . . . 10 13 22 16 . Secondary 2 | . . . . . . . . . . . . . . . . . . . . . . . . . . . . . . . 1 1 . Self-Inflicted Damage 2546 | . . 5 . 86 . . 80 . . . . . . . . . . . . . . 169 113 141 . . . . 1702 . . . 250 Shots 47 | . . 1 . 2 . . 2 . . . . . . . . . . . . . . 5 1 9 . . . . 26 . . . 1 Rammed 1 | . . . 1 . . . . . . . . . . . . . . . . . . . . . . . . . . . . . . Targets Rammed 12 | . . . 1 . . . . . . . . . . . . . . . . . . . . . . . . . 10 . . 1 . Kicked 11 | . . . . . . . . . . . . . . . . . . . . . . . . . . . . . 10 . . 1 . Crushed . | . . . . . . . . . . . . . . . . . . . . . . . . . . . . . . . . . . Highest Temperature 860 | . . 159 310 246 249 171 376 . . 138 . 96 10 48 350 . 177 213 275 255 291 376 306 237 . 12 135 371 860 190 223 223 306 Average Temperature 83 | . . 45 77 86 30 83 108 . . 41 . 36 5 26 85 . 28 46 109 130 88 108 128 137 . 12 42 61 67 97 96 116 95 Received Heat Transfer 7615 | . . 186 441 . . 153 702 . . 108 . 96 . 42 63 . 84 570 310 . 27 600 190 . . 96 147 448 2935 90 162 98 67 Thermoelectric Energy+ 1549 | . . . . . . . . . . . . . . . . . . . . . . . . . . . . . . 212 669 668 . Effects 18 | . . . . . . . 3 . . . . . . . 1 . . 2 . 1 . 4 . . . . . 1 1 . 5 . . Shutdowns 3 | . . . . . . . 1 . . . . . . . 1 . . . . . . . . . . . . 1 . . . . . Energy Bleed 2 | . . . . . . . 1 . . . . . . . . . . . . . . . . . . . . . 1 . . . . Interference 12 | . . . . . . . . . . . . . . . . . . 2 . 1 . 4 . . . . . . . . 5 . . Damage (minor) 1 | . . . . . . . 1 . . . . . . . . . . . . . . . . . . . . . . . . . . Siege Activations 6 | . . . . . . . . . . . . . . . . . . . . . . . . . . . . . . . 6 . . Total Turns 831 | . . . . . . . . . . . . . . . . . . . . . . . . . . . . . . . 831 . . Longest Duration 418 | . . . . . . . . . . . . . . . . . . . . . . . . . . . . . . . 418 . . Martial Activations . | . . . . . . . . . . . . . . . . . . . . . . . . . . . . . . . . . . Shielding Activations 8 | . . . . . . . . . . . . . . . . . . . . . . . . . . . 1 . . . . 7 . Total Turns 157 | . . . . . . . . . . . . . . . . . . . . . . . . . . . 10 . . . . 147 . Longest Duration 61 | . . . . . . . . . . . . . . . . . . . . . . . . . . . 10 . . . . 61 . Robots Disrupted 6 | . . . . . . . . . . . . . . . . . . . . . . 1 . . . . . . 5 . . . . Combat Hostiles 6 | . . . . . . . . . . . . . . . . . . . . . . 1 . . . . . . 5 . . . . Robots Corrupted 50 | . . . . . . . . . . . . . . . . . . . . . . 6 1 . . . . 1 42 . . . . Combat Hostiles 50 | . . . . . . . . . . . . . . . . . . . . . . 6 1 . . . . 1 42 . . . . Parts Fried 103 | . . . . . . 2 . . . . . . . . 2 . 1 . . . . 16 1 . . 1 5 3 72 . . . . Impact Corruptions 1 | . . . . . . . . . . . . . . . . . . . . . . . . . . . . . 1 . . . . Robots Melted 26 | . . . . . . . . . . . . . . . . . . . . . . . . . . . 2 . 9 . 3 7 5 Combat Hostiles 23 | . . . . . . . . . . . . . . . . . . . . . . . . . . . 1 . 8 . 3 6 5 Parts Melted 56 | . . 1 3 . . . . . . 1 . . . . . . . 2 . . . 4 . . . . 5 . 22 . 9 8 1 Heat Transferred 25359 | 25 100 500 2442 . . . 265 74 37 370 . 296 148 37 370 . 518 999 . 37 1406 2495 599 . . 74 1221 185 6496 1596 1722 1933 1414 Parts Sabotaged 1 | . . . . . . . . . . . . . . . . . . . . . . . . . . . . . . . . 1 . Parts Stolen 3 | . . . . . . . . . . 1 . . . . 2 . . . . . . . . . . . . . . . . . . Parts Stripped 71 | . . . . . . . . . . . . . . . . . . . . . . . . . . . . 28 43 . . . . Power Chain Reactions 10 | . . 1 . . . 1 . . . . . . . . . . . . . . . 1 . . . . . . 7 . . . . Latent Energy Used 872 | . . . . . . 68 . . . . . . . . . . . 200 . . . 604 . . . . . . . . . . . LE Corruption 15 | . . . . . . 2 . . . . . . . . . . . 3 . . . 10 . . . . . . . . . . . Alert | -11 -10 -10 -9 -9 -9 -8 -8 -7 -7 -7 -7 -6 -6 -6 -6 -6 -5 -5 -5 -5 -5 -5 -4 -4 -4 -4 -3 -3 -3 -2 -1 -1 -1 ------- Run | Yrd Mat Min Mat Min Exi Min Mat Fac Low Low Zio Pro Fac Low Low Dat Pro Fac Ext Cet Arc Hub Fac Was Fac DSF Res Qua Frg Res Acc Com Ac0 Maximum Alert Level 5 | . . 1 1 1 . . 2 1 . . . . . . . . . 2 3 2 1 5 4 2 2 2 3 2 5 5 5 5 . Low Security (%) 31 | 100 100 54 25 93 . 100 28 64 . . . . 100 . . . . 29 . . 92 3 . . . . . . 1 . . . . Level 1 19 | . . 45 74 6 . . 16 35 . . . . . . . . . 53 34 2 7 24 . . . 41 55 54 9 . . . . Level 2 10 | . . . . . . . 55 . . . . . . . . . . 16 65 97 . 4 . 100 100 58 31 45 2 . . . . Level 3 . | . . . . . . . . . . . . . . . . . . . . . . 6 . . . . 12 . . . . . . Level 4 5 | . . . . . . . . . . . . . . . . . . . . . . 42 100 . . . . . 7 . . . . Level 5 23 | . . . . . . . . . . . . . . . . . . . . . . 6 . . . . . . 78 72 13 87 . High Security 9 | . . . . . . . . . . . . . . . . . . . . . . 13 . . . . . . . 27 86 12 . Max Security . | . . . . . . . . . . . . . . . . . . . . . . . . . . . . . . . . . . Sterilizations 1 | . . . . . . . . . . . . . . . . . . . . . . . . . . . . . . . 1 . . Peak Influence 6316 | 5 62 307 392 244 . 60 656 255 . . . . 152 . . . . 487 774 573 318 2898 1414 617 438 592 754 472 4312 3431 6316 6235 . Initial 4041 | . . 5 83 144 . . . 255 . . . . 4 . . . . 344 231 432 203 . 1414 479 410 310 333 396 209 2425 2058 4041 . Average 1149 | . 14 142 238 51 . 14 389 183 . . . . 42 . . . . 283 482 490 32 1295 1268 554 412 422 426 400 2434 2790 4604 4727 . Influence Increases 28202 | 5 151 548 863 214 . 220 980 29 . 115 . 452 223 161 316 . 259 1219 1129 361 251 3608 538 178 43 292 947 472 5114 1318 4528 2749 919 Destroy 0b10 Robot/C 14640 | . 40 260 540 140 . 140 640 . . 100 . 200 80 80 180 . 220 480 540 160 80 960 140 . . 180 540 260 3000 760 3340 1580 . Destroy 0b10 Robot/NC 990 | 5 5 5 60 . . 15 80 10 . 5 . 15 . 5 . . 10 90 30 10 35 95 20 . . . 50 15 120 70 160 80 . Destroy Leader 2346 | . 12 50 170 20 . 30 152 4 . 10 . 20 20 . 10 . 20 108 52 . . 220 20 . . 30 108 30 364 164 476 256 . Allied During Kill 1884 | . . . . 8 . . . . . . . 217 80 76 111 . 9 33 484 150 101 89 . . . . 76 . . 120 28 302 . Successful Hack 206 | . 19 . 70 . . . 21 . . . . . 24 . . . . . . . . . . . 43 . 5 24 . . . . . Disable Machine 2010 | . . 165 . 15 . . . 15 . . . . 15 . . . . 90 . 15 15 795 75 . . 15 30 75 495 45 30 75 45 Anti-Garrison Action 350 | . . . . . . . . . . . . . . . . . . . . . . 200 . . . . . . 150 . . . . Destroy Structure 4771 | . . 68 8 31 . 35 57 . . . . . 4 . . . . 88 8 26 20 1204 148 178 . 52 138 68 820 159 329 456 874 Advance Influence 300 | . . . . . . . . . . . . . . . . . . 300 . . . . . . . . . . . . . . . Partial Spotted 75 | . . . . . . . . . . . . . . . . . . 15 . . . . 30 . . . . . 15 . 15 . . Lose Combat Pursuer 630 | . 75 . 15 . . . 30 . . . . . . . 15 . . 15 15 . . 45 105 . . 15 . . 150 . 150 . . Influence Decreases 27423 | 5 137 348 707 584 . 220 417 468 124 115 . 445 180 211 250 66 188 817 828 626 760 722 2054 961 187 143 835 804 1174 2199 1643 2785 6420 Entered New Map 16944 | . . 9 131 226 . . . 308 47 . . . 3 19 . 66 . 27 242 342 306 . 1472 891 177 133 259 308 163 1887 1373 2275 6280 Time Decay 8029 | 5 137 309 546 358 . 200 377 160 77 115 . 405 177 192 190 . 178 490 386 254 394 362 452 70 10 . 416 486 741 222 170 150 . Search Patrol Dispatched 100 | . . . . . . . . . . . . . . . . . . 100 . . . . . . . . . . . . . . . Lost Part 1250 | . . 30 30 . . 20 40 . . . . . . . . . 10 80 80 10 . 200 90 . . 10 60 10 270 30 80 60 140 Lost Ally 1100 | . . . . . . . . . . . . 40 . . 60 . . 120 120 20 60 160 40 . . . 100 . . 60 20 300 . Squads Dispatched 165 | . 1 . 1 . . 1 4 2 . . . . 1 . . . . 8 2 . . 14 5 . . 2 7 9 43 11 36 18 . Investigation 6 | . . . . . . . 1 . . . . . . . . . . . . . . 2 . . . . . 1 . 1 1 . . Extermination 22 | . . . . . . . . 1 . . . . 1 . . . . 2 . . . 1 1 . . . 1 4 8 1 1 1 . Reinforcement 37 | . 1 . 1 . . 1 3 1 . . . . . . . . . 5 . . . 6 . . . 2 3 2 6 1 2 3 . Assault 98 | . . . . . . . . . . . . . . . . . . . 2 . . 5 4 . . . 3 2 29 7 32 14 . Garrison 2 | . . . . . . . . . . . . . . . . . . 1 . . . . . . . . . . . 1 . . . Intercept . | . . . . . . . . . . . . . . . . . . . . . . . . . . . . . . . . . . Searches Triggered 1 | . . . . . . . . . . . . . . . . . . 1 . . . . . . . . . . . . . . . Data Miner Redirects 19 | . . . . . . . . . . . . . . . . . . . . . . 2 3 . . . 1 1 11 1 . . . Construction Impeded 6 | . . . . . . 1 1 . . . . . . . . . . 1 . . . 1 . . . . . . . 1 1 . . Haulers Reinforced 3 | . . . . . . . . 1 . . . . . . . . . . . . . . . . . . 1 1 . . . . . Active Scanning Responses . | . . . . . . . . . . . . . . . . . . . . . . . . . . . . . . . . . . Cargo Convoy Interrupts 1 | . . . . . . . . . . . . . . . . . . 1 . . . . . . . . . . . . . . . Stealth | -11 -10 -10 -9 -9 -9 -8 -8 -7 -7 -7 -7 -6 -6 -6 -6 -6 -5 -5 -5 -5 -5 -5 -4 -4 -4 -4 -3 -3 -3 -2 -1 -1 -1 --------- Run | Yrd Mat Min Mat Min Exi Min Mat Fac Low Low Zio Pro Fac Low Low Dat Pro Fac Ext Cet Arc Hub Fac Was Fac DSF Res Qua Frg Res Acc Com Ac0 Distress Signals 52 | . 1 . 6 . . . 9 . . . . . . . . . 1 2 4 2 . 3 . . . . 2 1 4 4 2 11 . Communications Jammed 7 | . . . . . . . . . . . . . . . . . . . . . . . 4 . . . . 1 2 . . . . Distress Signals 6 | . . . . . . . . . . . . . . . . . . . . . . . 4 . . . . 1 1 . . . . Times Spotted 974 | . 9 13 47 6 12 7 46 1 . 7 . 12 1 3 12 . 12 28 36 10 11 63 18 6 . 8 31 14 196 36 206 80 43 Peak Tracking Total 13 | . 4 3 10 3 5 3 9 1 . 3 . 4 1 3 4 . 5 6 13 5 3 7 7 4 . 4 5 3 12 9 12 9 6 Tactical Retreats 35 | . 5 . 1 . 2 . 2 . . . . . . . 1 . . 1 1 . . 3 4 . . 1 . . 6 . 8 . . Traps | -11 -10 -10 -9 -9 -9 -8 -8 -7 -7 -7 -7 -6 -6 -6 -6 -6 -5 -5 -5 -5 -5 -5 -4 -4 -4 -4 -3 -3 -3 -2 -1 -1 -1 ------- Run | Yrd Mat Min Mat Min Exi Min Mat Fac Low Low Zio Pro Fac Low Low Dat Pro Fac Ext Cet Arc Hub Fac Was Fac DSF Res Qua Frg Res Acc Com Ac0 Traps Triggered 30 | . . 1 2 . 1 . 1 . . . . . . . . . . . . . . 2 1 . . . 2 . 8 1 3 8 . Indirectly 2 | . . . . . . . . . . . . . . . . . . . . . . 2 . . . . . . . . . . . Trap Hack Attempts . | . . . . . . . . . . . . . . . . . . . . . . . . . . . . . . . . . . Triggered . | . . . . . . . . . . . . . . . . . . . . . . . . . . . . . . . . . . Disarmed . | . . . . . . . . . . . . . . . . . . . . . . . . . . . . . . . . . . Reprogrammed . | . . . . . . . . . . . . . . . . . . . . . . . . . . . . . . . . . . Reused . | . . . . . . . . . . . . . . . . . . . . . . . . . . . . . . . . . . Traps Extracted . | . . . . . . . . . . . . . . . . . . . . . . . . . . . . . . . . . . Installed 2 | . . 1 . . 1 . . . . . . . . . . . . . . . . . . . . . . . . . . . . Triggered . | . . . . . . . . . . . . . . . . . . . . . . . . . . . . . . . . . . Most Traps Carried 4 | . . 4 3 3 1 . . . 1 2 2 . . . . . . . . . . . . . . . . . . . . . . Machines | -11 -10 -10 -9 -9 -9 -8 -8 -7 -7 -7 -7 -6 -6 -6 -6 -6 -5 -5 -5 -5 -5 -5 -4 -4 -4 -4 -3 -3 -3 -2 -1 -1 -1 ---------- Run | Yrd Mat Min Mat Min Exi Min Mat Fac Low Low Zio Pro Fac Low Low Dat Pro Fac Ext Cet Arc Hub Fac Was Fac DSF Res Qua Frg Res Acc Com Ac0 Machines Disabled 161 | . . 11 2 1 6 . . 1 . . . . 1 1 . . . 6 . 2 1 53 5 . . 1 2 5 46 3 6 5 3 Max in Single Turn 22 | . . 11 2 1 1 . . 1 . . . . 1 1 . . . 1 . 1 . 22 2 . . 1 1 1 13 1 1 1 1 Garrison Access 6 | . . . . . . . . . . . . . . . . . . . . . . 1 1 . . . 1 . 1 1 1 . . Network Hub 4 | . . . . . . . . . . . . . . . . . . . . . . 4 . . . . . . . . . . . Machines Repaired . | . . . . . . . . . . . . . . . . . . . . . . . . . . . . . . . . . . Machines Dismantled . | . . . . . . . . . . . . . . . . . . . . . . . . . . . . . . . . . . Machines Sabotaged . | . . . . . . . . . . . . . . . . . . . . . . . . . . . . . . . . . . Overloaded Fab Kills . | . . . . . . . . . . . . . . . . . . . . . . . . . . . . . . . . . . Hacking | -11 -10 -10 -9 -9 -9 -8 -8 -7 -7 -7 -7 -6 -6 -6 -6 -6 -5 -5 -5 -5 -5 -5 -4 -4 -4 -4 -3 -3 -3 -2 -1 -1 -1 --------- Run | Yrd Mat Min Mat Min Exi Min Mat Fac Low Low Zio Pro Fac Low Low Dat Pro Fac Ext Cet Arc Hub Fac Was Fac DSF Res Qua Frg Res Acc Com Ac0 Machines Accessed 51 | . 4 . 12 2 2 . 4 . 1 . . . 1 2 . 4 . 1 . 1 . 1 2 . 2 . 1 3 3 3 1 1 . Terminals 20 | . 4 . 8 1 . . 1 . . . . . . 1 . . . 1 . 1 . . . . 1 . . . 1 . . 1 . Fabricators 2 | . . . . . . . . . . . . . . . . . . . . . . . . . . . 1 . . 1 . . . Repair Stations 4 | . . . 2 . . . 1 . . . . . . . . . . . . . . . . . . . . 1 . . . . . Recycling Units 2 | . . . . . . . . . . . . . . . . . . . . . . . 1 . . . . . . 1 . . . Scanalyzers 10 | . . . 2 . . . 2 . . . . . 1 . . . . . . . . . . . 1 . . 2 1 . 1 . . Garrison Access 4 | . . . . . . . . . . . . . . . . . . . . . . 1 1 . . . . . 1 1 . . . Total Hacks 183 | . 10 . 37 3 5 . 16 . 1 . . . 2 2 . 32 . 1 . 1 . 1 5 . 8 . 9 21 7 13 7 2 . Successful 124 | . 5 . 24 1 5 . 12 . 1 . . . 2 2 . 32 . 1 . . . 1 3 . 5 . 2 7 1 13 6 1 . Failed 56 | . 5 . 13 2 . . 4 . . . . . . . . . . . . 1 . . 2 . 2 . 7 13 6 . . 1 . Catastrophic 12 | . 1 . 1 1 . . 1 . . . . . . . . . . . . . . . 2 . . . 2 2 2 . . . . Database Lockouts 3 | . . . . . . . . . . . . . . . . . . . . . . . . . 1 . . 1 . . 1 . . Manual 205 | . 6 . 19 2 1 . 1 . . . . . 3 . . . . 27 25 1 . 11 15 . . . 24 26 7 19 3 15 . Terminals 47 | . 10 . 26 2 . . 2 . . . . . . 1 . . . 1 . 1 . . . . 1 . . . 1 . . 2 . Fabricators 15 | . . . . . . . . . . . . . . . . . . . . . . . . . . . 9 . . 6 . . . Repair Stations 12 | . . . 6 . . . 4 . . . . . . . . . . . . . . . . . . . . 2 . . . . . Recycling Units 8 | . . . . . . . . . . . . . . . . . . . . . . . 3 . . . . . . 5 . . . Scanalyzers 51 | . . . 5 . . . 10 . . . . . 2 . . . . . . . . . . . 7 . . 19 1 . 7 . . Garrison Access 10 | . . . . . . . . . . . . . . . . . . . . . . 1 2 . . . . . 5 2 . . . Terminal Hacks 57 | . 5 . 7 1 5 . . . 1 . . . . 2 . 32 . 1 . . . . . . 1 . . . 1 . . 1 . Record 16 | . . . . . 4 . . . . . . . . 1 . 11 . . . . . . . . . . . . . . . . . Part Schematic 12 | . 1 . . . . . . . . . . . . . . 11 . . . . . . . . . . . . . . . . . Robot Schematic 7 | . . . . . . . . . . . . . . . . 7 . . . . . . . . . . . . . . . . . Robot Analysis 4 | . 2 . 2 . . . . . . . . . . . . . . . . . . . . . . . . . . . . . . Prototype ID Bank 5 | . 1 . 1 . . . . . . . . . . . . 3 . . . . . . . . . . . . . . . . . Open Door 4 | . . . . 1 . . . . 1 . . . . 1 . . . 1 . . . . . . . . . . . . . . . Open DSF 1 | . . . . . . . . . . . . . . . . . . . . . . . . . 1 . . . . . . . . Branch Access Points 1 | . . . 1 . . . . . . . . . . . . . . . . . . . . . . . . . . . . . . Terminal Index 1 | . 1 . . . . . . . . . . . . . . . . . . . . . . . . . . . . . . . . Scanalyzer Index 1 | . . . 1 . . . . . . . . . . . . . . . . . . . . . . . . . . . . . . Hauler Manifests 1 | . . . 1 . . . . . . . . . . . . . . . . . . . . . . . . . . . . . . Zone Layout 1 | . . . 1 . . . . . . . . . . . . . . . . . . . . . . . . . . . . . . Proto ID Catalog 2 | . . . . . 1 . . . . . . . . . . . . . . . . . . . . . . . 1 . . . . Disengage Seal 1 | . . . . . . . . . . . . . . . . . . . . . . . . . . . . . . . . 1 . Fabricator Hacks 4 | . . . . . . . . . . . . . . . . . . . . . . . . . . . 2 . . 2 . . . Network Status 1 | . . . . . . . . . . . . . . . . . . . . . . . . . . . 1 . . . . . . Load Schematic 1 | . . . . . . . . . . . . . . . . . . . . . . . . . . . . . . 1 . . . Build 2 | . . . . . . . . . . . . . . . . . . . . . . . . . . . 1 . . 1 . . . Repair Station Hacks 9 | . . . 5 . . . 4 . . . . . . . . . . . . . . . . . . . . . . . . . . Scan Component 5 | . . . 3 . . . 2 . . . . . . . . . . . . . . . . . . . . . . . . . . Repair 4 | . . . 2 . . . 2 . . . . . . . . . . . . . . . . . . . . . . . . . . Recycling Unit Hacks 3 | . . . . . . . . . . . . . . . . . . . . . . . 2 . . . . . . 1 . . . Report Inventory 2 | . . . . . . . . . . . . . . . . . . . . . . . 1 . . . . . . 1 . . . Retrieve Components 1 | . . . . . . . . . . . . . . . . . . . . . . . 1 . . . . . . . . . . Scanalyzer 28 | . . . 4 . . . 7 . . . . . 2 . . . . . . . . . . . 4 . . 5 . . 6 . . Insert Component 7 | . . . . . . . 3 . . . . . . . . . . . . . . . . . 1 . . 1 . . 2 . . Analyze 7 | . . . . . . . 4 . . . . . . . . . . . . . . . . . 1 . . . . . 2 . . Retrieve Study 14 | . . . 4 . . . . . . . . . 2 . . . . . . . . . . . 2 . . 4 . . 2 . . Garrison Access Hacks 2 | . . . . . . . . . . . . . . . . . . . . . . . 1 . . . . . . 1 . . . Seal Access 2 | . . . . . . . . . . . . . . . . . . . . . . . 1 . . . . . . 1 . . . Unauthorized Hacks 21 | . . . 8 . . . 1 . . . . . . . . . . . . . . 1 . . . . . 2 . 9 . . . Terminals 9 | . . . 8 . . . 1 . . . . . . . . . . . . . . . . . . . . . . . . . . Botnet 3 | . . . 2 . . . 1 . . . . . . . . . . . . . . . . . . . . . . . . . . Operators 1 | . . . 1 . . . . . . . . . . . . . . . . . . . . . . . . . . . . . . Skim 5 | . . . 5 . . . . . . . . . . . . . . . . . . . . . . . . . . . . . . Fabricators 4 | . . . . . . . . . . . . . . . . . . . . . . . . . . . . . . 4 . . . Report 1 | . . . . . . . . . . . . . . . . . . . . . . . . . . . . . . 1 . . . Prioritize 1 | . . . . . . . . . . . . . . . . . . . . . . . . . . . . . . 1 . . . Liberate 1 | . . . . . . . . . . . . . . . . . . . . . . . . . . . . . . 1 . . . Haulers 1 | . . . . . . . . . . . . . . . . . . . . . . . . . . . . . . 1 . . . Repair Stations 1 | . . . . . . . . . . . . . . . . . . . . . . . . . . . . 1 . . . . . Patch 1 | . . . . . . . . . . . . . . . . . . . . . . . . . . . . 1 . . . . . Recycling Units 4 | . . . . . . . . . . . . . . . . . . . . . . . . . . . . . . 4 . . . Monitor 1 | . . . . . . . . . . . . . . . . . . . . . . . . . . . . . . 1 . . . Reject 1 | . . . . . . . . . . . . . . . . . . . . . . . . . . . . . . 1 . . . Recyclers 1 | . . . . . . . . . . . . . . . . . . . . . . . . . . . . . . 1 . . . Mask 1 | . . . . . . . . . . . . . . . . . . . . . . . . . . . . . . 1 . . . Scanalyzers 1 | . . . . . . . . . . . . . . . . . . . . . . . . . . . . 1 . . . . . Researchers 1 | . . . . . . . . . . . . . . . . . . . . . . . . . . . . 1 . . . . . Garrison Access 2 | . . . . . . . . . . . . . . . . . . . . . . 1 . . . . . . . 1 . . . Broadcast 1 | . . . . . . . . . . . . . . . . . . . . . . . . . . . . . . 1 . . . Jam 1 | . . . . . . . . . . . . . . . . . . . . . . 1 . . . . . . . . . . . Data Cores Recovered 1 | . . . . . . . . . . . . . . . . . . . . . . . . . . . . 1 . . . . . Used . | . . . . . . . . . . . . . . . . . . . . . . . . . . . . . . . . . . Hacking Detections 30 | . 4 . 10 1 . . 3 . . . . . 1 1 . . . . . 1 . . 1 . . . 1 2 3 2 . . . Full Trace Events 1 | . . . . . . . . . . . . . . . . . . . . . . . . . . . . . . 1 . . . Feedback Events . | . . . . . . . . . . . . . . . . . . . . . . . . . . . . . . . . . . Feedback Blocked . | . . . . . . . . . . . . . . . . . . . . . . . . . . . . . . . . . . Robot Schematics Acquired 12 | . . . . . . . . . . . 3 . . . . 7 . . . . . . . . . . . 2 . . . . . Robots Built 2 | . . . . . . . . . . . . . . . . . . . . . . . . . . . . . . 2 . . . Authchips . | . . . . . . . . . . . . . . . . . . . . . . . . . . . . . . . . . . Time 67 | . . . . . . . . . . . . . . . . . . . . . . . . . . . . . . 67 . . . Total Robot Build Rating 8 | . . . . . . . . . . . . . . . . . . . . . . . . . . . . . . 8 . . . Part Schematics Acquired 71 | . 1 . . . . . 2 . . . 15 . . . . 11 . 12 16 . . . . . 1 . . 6 7 . . . . Parts Built 2 | . . . . . . . . . . . . . . . . . . . . . . . . . . . 2 . . . . . . Authchips . | . . . . . . . . . . . . . . . . . . . . . . . . . . . . . . . . . . Time 139 | . . . . . . . . . . . . . . . . . . . . . . . . . . . 139 . . . . . . Total Part Build Rating 18 | . . . . . . . . . . . . . . . . . . . . . . . . . . . 18 . . . . . . Part Studies Acquired 14 | . . . 4 . . . . . . . . . 2 . . . . . . . . . . . 2 . . 4 . . 2 . . Parts Repaired 4 | . . . 2 . . . 2 . . . . . . . . . . . . . . . . . . . . . . . . . . Time 318 | . . . 58 . . . 260 . . . . . . . . . . . . . . . . . . . . . . . . . . Parts Recycled . | . . . . . . . . . . . . . . . . . . . . . . . . . . . . . . . . . . Recycled Matter . | . . . . . . . . . . . . . . . . . . . . . . . . . . . . . . . . . . Retrieved Matter . | . . . . . . . . . . . . . . . . . . . . . . . . . . . . . . . . . . Retrieved Components 2 | . . . . . . . . . . . . . . . . . . . . . . . 2 . . . . . . . . . . Parts Scanalyzed 5 | . . . . . . . 3 . . . . . . . . . . . . . . . . . 1 . . . . . 1 . . Part Schematics Acquired 3 | . . . . . . . 2 . . . . . . . . . . . . . . . . . 1 . . . . . . . . Parts Damaged 2 | . . . . . . . 2 . . . . . . . . . . . . . . . . . . . . . . . . . . Bothacking | -11 -10 -10 -9 -9 -9 -8 -8 -7 -7 -7 -7 -6 -6 -6 -6 -6 -5 -5 -5 -5 -5 -5 -4 -4 -4 -4 -3 -3 -3 -2 -1 -1 -1 ------------ Run | Yrd Mat Min Mat Min Exi Min Mat Fac Low Low Zio Pro Fac Low Low Dat Pro Fac Ext Cet Arc Hub Fac Was Fac DSF Res Qua Frg Res Acc Com Ac0 Used RIF Installer . | . . . . . . . . . . . . . . . . . . . . . . . . . . . . . . . . . . Robots Hacked 4 | . . . . . . . . . . . . . . . . . . 1 . . 1 . 1 . . . 1 . . . . . . Non-combat 1 | . . . . . . . . . . . . . . . . . . . . . . . 1 . . . . . . . . . . Combat 3 | . . . . . . . . . . . . . . . . . . 1 . . 1 . . . . . 1 . . . . . . Robot Hacks Applied 4 | . . . . . . . . . . . . . . . . . . 1 . . 1 . 1 . . . 1 . . . . . . parse_system 3 | . . . . . . . . . . . . . . . . . . 1 . . 1 . . . . . 1 . . . . . . find_chute 1 | . . . . . . . . . . . . . . . . . . . . . . . 1 . . . . . . . . . . Relay Couplers Released 3 | . . . . . . . . . . . . . . . . . . . . . . . . . . . 2 . . . 1 . . Machine Destruction 3 | . . . . . . . . . . . . . . . . . . . . . . . . . . . 2 . . . 1 . . Fabnet Peak Effective % . | . . . . . . . . . . . . . . . . . . . . . . . . . . . . . . . . . . Robots Rewired 19 | . . . . . . . . . . . . . . . . . . . 19 . . . . . . . . . . . . . . Allies Hacked 2 | . . . . . . . . . . . . . . . . . . . 1 . . . . . . . . . . . . 1 . Hacks Repelled . | . . . . . . . . . . . . . . . . . . . . . . . . . . . . . . . . . . Allies | -11 -10 -10 -9 -9 -9 -8 -8 -7 -7 -7 -7 -6 -6 -6 -6 -6 -5 -5 -5 -5 -5 -5 -4 -4 -4 -4 -3 -3 -3 -2 -1 -1 -1 -------- Run | Yrd Mat Min Mat Min Exi Min Mat Fac Low Low Zio Pro Fac Low Low Dat Pro Fac Ext Cet Arc Hub Fac Was Fac DSF Res Qua Frg Res Acc Com Ac0 Total Allies 110 | . . . . 2 . . . . . . 11 . 2 . . . . 11 31 5 . 6 5 . . . 7 . . 4 . 26 . Largest Group 27 | . . . . 2 2 . . . . . 11 11 10 10 10 4 4 3 27 13 13 7 3 . . . 2 . . 3 1 18 . Highest-Rated Group 2007 | . . . . 49 49 . . . . . 340 340 363 359 359 130 130 255 986 853 853 284 288 . . . 206 . . 343 213 2007 . Highest-Rated Ally 269 | . . . . 31 31 . . . . . 40 40 51 51 51 40 40 85 159 159 159 70 96 . . . 103 . . 269 213 269 . Zionite Dispatches 20 | . . . . . . . . . . . . . 1 . . . . 6 2 . . 2 3 . . . 4 . . 2 . . . Heavy 6 | . . . . . . . . . . . . . . . . . . 3 . . . . . . . . 3 . . . . . . Light 2 | . . . . . . . . . . . . . . . . . . . . . . 1 1 . . . . . . . . . . Fire 2 | . . . . . . . . . . . . . . . . . . 1 . . . 1 . . . . . . . . . . . Hacker 1 | . . . . . . . . . . . . . 1 . . . . . . . . . . . . . . . . . . . . Experimental 1 | . . . . . . . . . . . . . . . . . . . . . . . . . . . . . . 1 . . . Hero 1 | . . . . . . . . . . . . . . . . . . . . . . . . . . . . . . 1 . . . Thermal Resupply 1 | . . . . . . . . . . . . . . . . . . . 1 . . . . . . . . . . . . . . Kinetic Resupply 2 | . . . . . . . . . . . . . . . . . . . 1 . . . . . . . 1 . . . . . . Explosive Resupply 1 | . . . . . . . . . . . . . . . . . . . . . . . 1 . . . . . . . . . . Resource Resupply 1 | . . . . . . . . . . . . . . . . . . 1 . . . . . . . . . . . . . . . Hacking Resupply 1 | . . . . . . . . . . . . . . . . . . 1 . . . . . . . . . . . . . . . Hover Resupply 1 | . . . . . . . . . . . . . . . . . . . . . . . 1 . . . . . . . . . . Total Orders 16 | . . . . . 2 . . . . . . . . . . . . 2 1 . 6 1 2 . . . 2 . . . . . . STAY 6 | . . . . . . . . . . . . . . . . . . 1 . . 3 1 . . . . 1 . . . . . . FOLLOW 3 | . . . . . . . . . . . . . . . . . . . . . 3 . . . . . . . . . . . . DROP 5 | . . . . . . . . . . . . . . . . . . 1 1 . . . 2 . . . 1 . . . . . . RETURN 2 | . . . . . 2 . . . . . . . . . . . . . . . . . . . . . . . . . . . . Ally Attacks 633 | . . . . 4 . . . . . . . 48 11 14 28 . 22 41 122 43 30 33 8 . . . 43 . . 41 10 135 . Total Damage 22506 | . . . . 43 . . . . . . . 1038 174 592 943 . 336 3358 2994 1155 966 567 217 . . . 1868 . . 2040 420 5795 . Kills 128 | . . . . 2 . . . . . . . 10 4 5 6 . . 16 19 5 3 1 1 . . . 10 . . 15 2 29 . Allies Corrupted 12 | . . . . . 1 . . . . . . . . . 1 . . 1 1 . . 1 . . . . 1 . . . . 6 . Allies Melted 1 | . . . . . . . . . . . . . . . . . 1 . . . . . . . . . . . . . . . . Intel | -11 -10 -10 -9 -9 -9 -8 -8 -7 -7 -7 -7 -6 -6 -6 -6 -6 -5 -5 -5 -5 -5 -5 -4 -4 -4 -4 -3 -3 -3 -2 -1 -1 -1 ------- Run | Yrd Mat Min Mat Min Exi Min Mat Fac Low Low Zio Pro Fac Low Low Dat Pro Fac Ext Cet Arc Hub Fac Was Fac DSF Res Qua Frg Res Acc Com Ac0 Active Infowar (turns) 28793 | 2 472 1379 1398 . . . . 93 951 1357 1421 1537 761 900 1494 196 871 1044 594 11 63 430 885 149 31 118 1002 1270 2174 649 2592 4222 727 Optics 10916 | . . . . . . . . . . . . . . . . . . . . . . . . . 22 118 1002 1270 1629 . 1926 4222 727 Sensors 12753 | . . . . . . . . 93 951 1357 1421 1537 761 884 1494 196 501 821 . . . . 422 . 29 4 834 912 536 . . . . IFF 868 | . . . . . . . . . . . . . . . . . . . . . . . . . . . . . 868 . . . . Terrain 6351 | . . . . . . . . . . . . . 395 900 1494 196 670 483 594 11 63 391 . . . . 245 909 . . . . . Seismic 3251 | 2 472 1379 1398 . . . . . . . . . . . . . . . . . . . . . . . . . . . . . . Machine Analysis 860 | . . . . . . . . . . . . . . . . . . . . . . . 252 149 31 118 310 . . . . . . Cloaking 3581 | . . . . . . . . . . . . . . . . . . . . . . 39 6 . . . . . 191 649 2204 492 . Jamming 2190 | . . . . . . . . . . . . . . . . . . . 120 . . . 631 . . . . 575 864 . . . . ECM 1 | . . . . . . . . . . . . . . . . . . . . . . . 1 . . . . . . . . . . Robot Analysis Total 4 | . 2 . 2 . . . . . . . . . . . . . . . . . . . . . . . . . . . . . . Derelict Logs Recovered 10 | . . 2 . 1 . . . . 2 . . 2 . . 3 . . . . . . . . . . . . . . . . . . Drone Launches 18 | . . . . . 18 . . . . . . . . . . . . . . . . . . . . . . . . . . . . Drone Recoveries 2 | . . . . . 2 . . . . . . . . . . . . . . . . . . . . . . . . . . . . Zionite Intel Received 23 | . . . . . . . . . . . . . . . . . . 3 5 . . 1 1 . . . 2 6 . 1 . 4 . Main Access 3 | . . . . . . . . . . . . . . . . . . . . . . . . . . . . 1 . 1 . 1 . Branch Access 1 | . . . . . . . . . . . . . . . . . . . . . . . . . . . . 1 . . . . . Emergency Access 3 | . . . . . . . . . . . . . . . . . . . . . . 1 1 . . . . 1 . . . . . Guard Positions 2 | . . . . . . . . . . . . . . . . . . . 1 . . . . . . . . . . . . 1 . Component Stockpiles 2 | . . . . . . . . . . . . . . . . . . . . . . . . . . . 1 1 . . . . . Prototype Stockpiles 1 | . . . . . . . . . . . . . . . . . . . . . . . . . . . . 1 . . . . . Component Schematics 1 | . . . . . . . . . . . . . . . . . . . 1 . . . . . . . . . . . . . . Prototype Schematics 1 | . . . . . . . . . . . . . . . . . . 1 . . . . . . . . . . . . . . . Unaware Analyses 4 | . . . . . . . . . . . . . . . . . . 1 2 . . . . . . . . 1 . . . . . Trap Installations 1 | . . . . . . . . . . . . . . . . . . . . . . . . . . . 1 . . . . . . Active Terminals 2 | . . . . . . . . . . . . . . . . . . . 1 . . . . . . . . . . . . 1 . Depthwide Sectors/0 2 | . . . . . . . . . . . . . . . . . . 1 . . . . . . . . . . . . . 1 . Exploration | -11 -10 -10 -9 -9 -9 -8 -8 -7 -7 -7 -7 -6 -6 -6 -6 -6 -5 -5 -5 -5 -5 -5 -4 -4 -4 -4 -3 -3 -3 -2 -1 -1 -1 ------------- Run | Yrd Mat Min Mat Min Exi Min Mat Fac Low Low Zio Pro Fac Low Low Dat Pro Fac Ext Cet Arc Hub Fac Was Fac DSF Res Qua Frg Res Acc Com Ac0 Turns Passed 44096 | 63 472 1379 2687 1476 1974 913 1189 337 951 1357 1423 1578 761 900 1494 196 917 1283 908 544 4560 952 1124 149 31 118 1002 1270 3811 649 2592 4308 728 Spaces Moved 22915 | 46 296 780 915 477 808 447 386 241 691 932 1062 1038 540 637 958 136 629 746 497 284 474 447 960 171 57 81 541 693 1979 398 1179 3045 344 Core 195 | 8 . . . . . . . . . . . . . . . . . . . . 184 . . . . . . . . . . . 3 Treads 2242 | 2 . 141 877 477 570 . . . . . . . . . . . . . . . . . . . . . . . . . 84 91 . Legs 17999 | . . . . . . . 297 241 691 932 1062 1038 540 637 958 136 629 746 497 284 290 447 537 . . 36 541 693 1979 398 1095 2954 341 Wheels 1783 | 36 296 639 38 . 238 447 89 . . . . . . . . . . . . . . . . . . . . . . . . . . Hover 696 | . . . . . . . . . . . . . . . . . . . . . . . 423 171 57 45 . . . . . . . Flight . | . . . . . . . . . . . . . . . . . . . . . . . . . . . . . . . . . . Fastest Speed 43 | 50 100 145 155 200 165 180 125 125 125 125 125 125 121 121 121 121 121 108 105 108 106 106 43 43 43 43 115 107 98 108 107 100 50 Average Speed 143 | 93 132 162 233 200 194 180 143 125 125 125 125 125 122 121 121 121 121 118 106 125 896 117 84 43 43 80 119 108 108 110 115 111 109 Slowest Speed 2100 | 160 145 320 400 200 200 180 200 125 125 125 125 195 125 121 191 121 125 200 109 186 2100 120 176 43 43 133 123 115 110 250 202 240 115 Overloaded Moves . | . . . . . . . . . . . . . . . . . . . . . . . . . . . . . . . . . . Propulsion Burnouts . | . . . . . . . . . . . . . . . . . . . . . . . . . . . . . . . . . . Robots Hopped . | . . . . . . . . . . . . . . . . . . . . . . . . . . . . . . . . . . Potential Cave-ins 3 | . . . . . . . . . . . . . . . . . . . . . . . 3 . . . . . . . . . . Cave-ins Triggered 2 | . . . . . . . . . . . . . . . . . . . . . . . 2 . . . . . . . . . . Teleports 31 | . . . . . . . . . . . . . . . . . . . . . . . . . . . . . 8 12 9 1 1 Exploration Rate (%) 59 | 3 46 99 84 98 89 92 44 9 80 86 89 96 16 78 95 70 75 18 74 66 80 79 19 82 2 56 20 75 47 17 47 71 35 Regions Visited 33 Branch Regions 20 Pre-discovered Areas 14 | . . . . . 1 . . . . . . 1 . . . 1 . 9 . . . . . . . . . . . . . 2 . Known Exits Taken 20 | . . . 1 . . 1 . 1 1 1 1 1 1 1 1 1 1 1 1 . . 1 . . 1 . 1 1 1 1 . . . Unknown Exits Taken 10 | 1 1 1 . 1 1 . 1 . . . . . . . . . . . . 1 1 . . . . . . . . . 1 1 . Scrap Searched 24 | . . 1 . . . 2 . . 1 3 3 3 . 4 4 . 3 . . . . . . . . . . . . . . . . Spaces Dug 206 | . . 8 . 29 . . 17 . . . . . 2 . 11 . 10 21 . . . 4 29 . . . 10 12 22 4 21 6 . Terrain Destroyed 2918 | . . 72 5 48 13 39 67 . . 1 . . 3 . 42 . 46 21 . . . 922 112 282 . 35 33 37 676 53 104 61 246 Melee 23 | . . . . . . . . . . . . . 1 . 1 . . 6 . . . 2 13 . . . . . . . . . . Projectile 439 | . . . . . . . . . . 1 . . 2 . . . . 5 . . . 35 7 . . . 26 37 72 42 47 23 142 AOE 2369 | . . 72 5 48 13 39 67 . . . . . . . 41 . 46 10 . . . 882 92 282 . 35 7 . 601 8 5 12 104 Terrain Rammed . | . . . . . . . . . . . . . . . . . . . . . . . . . . . . . . . . . . Walls Destroyed . | . . . . . . . . . . . . . . . . . . . . . . . . . . . . . . . . . . Machines Disabled . | . . . . . . . . . . . . . . . . . . . . . . . . . . . . . . . . . . Actions | -11 -10 -10 -9 -9 -9 -8 -8 -7 -7 -7 -7 -6 -6 -6 -6 -6 -5 -5 -5 -5 -5 -5 -4 -4 -4 -4 -3 -3 -3 -2 -1 -1 -1 --------- Run | Yrd Mat Min Mat Min Exi Min Mat Fac Low Low Zio Pro Fac Low Low Dat Pro Fac Ext Cet Arc Hub Fac Was Fac DSF Res Qua Frg Res Acc Com Ac0 Total 31537 | 59 356 844 1280 993 1073 508 834 270 778 1086 1154 1292 626 757 1245 167 737 1014 804 446 735 682 1216 226 63 122 787 1120 3152 513 2198 3820 580 Wait 4330 | . 50 11 186 503 126 26 311 2 79 132 68 232 64 106 257 31 41 84 54 112 165 10 122 29 . . 76 273 346 5 551 242 36 Move 22880 | 45 295 779 914 476 807 446 385 240 690 931 1061 1037 539 636 957 135 628 745 496 283 473 446 958 170 56 80 540 692 1978 397 1178 3044 343 Hop . | . . . . . . . . . . . . . . . . . . . . . . . . . . . . . . . . . . Pick Up 442 | 5 1 14 25 1 23 . 8 6 2 4 7 3 3 2 1 . 11 17 7 1 5 15 24 2 2 6 16 17 78 17 31 74 14 Fast Attach 285 | 7 . 1 8 . 4 1 12 3 . . 1 . . 1 3 . 6 21 8 5 13 5 13 1 1 5 23 18 60 5 23 31 6 Attach 222 | . . 2 7 . 9 . 6 2 . . . . 1 . 1 . 5 7 5 1 4 17 15 6 2 9 10 8 50 6 18 19 12 Detach 64 | . . . . . 1 . 2 . . . . . . . . . . 2 . 1 . 4 7 6 1 3 3 1 23 . 1 5 4 Swap 461 | 1 1 3 18 5 5 2 8 6 2 . 4 4 6 4 6 1 11 22 5 10 5 21 3 1 . 6 21 13 127 18 59 47 16 Drop 581 | . . 2 29 3 27 . 13 7 4 . 8 5 4 4 1 . 12 33 5 12 21 20 19 2 1 5 34 37 105 9 45 99 15 Fire 1879 | 1 9 30 92 5 69 33 89 4 1 19 5 10 8 4 18 . 23 52 . 21 41 138 35 9 . 7 54 59 339 56 286 228 134 Melee 168 | . . . . . . . . . . . . . 1 . 1 . . 31 54 . 8 6 18 . . 1 10 2 36 . . . . Ram . | . . . . . . . . . . . . . . . . . . . . . . . . . . . . . . . . . . Kick 11 | . . . . . . . . . . . . . . . . . . . . . . . . . . . . . 10 . . 1 . Crush 1 | . . . 1 . . . . . . . . . . . . . . . . . . . . . . . . . . . . . . Escape Stasis 37 | . . 1 . . 1 . . . . . . . . . . . . . . . . . 2 . . . . . . . 6 27 . Rewire 173 | . . . . . . . . . . . . . . . . . . . 170 . . . . . . . . . . . . 3 . Trap 2 | . . 1 . . 1 . . . . . . . . . . . . . . . . . . . . . . . . . . . . Miscellaneous 1 | . . . . . . . . . . . . 1 . . . . . . . . . . . . . . . . . . . . . Route ------- -11/Scrapyard -10/Materials (discovered 2 exits: *Mat / [*Min]) -10/Mines (discovered 3 exits: *Mat x2 / [*Sub]) -9/Materials (discovered 5 exits: *Mat x3 / *Min / *Sto) -9/Mines (discovered 3 exits: *Mat x2 / *Exi) -9/Exiles (discovered 2 exits: [*Min x2]) -8/Mines (discovered 2 exits: *Mat x2) -8/Materials -7/Factory -7/Lower Caves -7/Lower Caves (discovered 2 exits: *Fac / *Zio) -7/Zion -6/Proximity Caves -6/Factory (discovered 3 exits: *Fac x2 / *Low) -6/Lower Caves (discovered 2 exits: *Low / *Dat) -6/Lower Caves (discovered 2 exits: *Fac / *Dat) -6/Data Miner -5/Proximity Caves -5/Factory (discovered 2 exits: *Fac / *Ext) -5/Extension (discovered 2 exits: *Fac / *Cet) -5/Cetus (discovered 2 exits: *Fac / [*Arc]) -5/Archives (discovered 3 exits: *Fac / *Hub x2) -5/Hub_04(d) (discovered 2 exits: *Fac x2) -4/Factory -4/Waste -4/Factory -4/DSF -3/Research -3/Quarantine (discovered 3 exits: Res / *Sec / *Frg) -3/Protoforge -2/Research (discovered 3 exits: *Acc x3) -1/Access -1/Command (discovered 3 exits: *Sur x2 / [*Ac0]) -1/Access_0 Near Former Tau Ceti IV History --------- Turn | Location | Event 33 | -11/Scrapyard | Discovered new exit (range 15) 64 | -11/Scrapyard | Entered Materials 280 | -10/Materials | Discovered new exit (range 15) 318 | -10/Materials | Build established: Mutant 497 | -10/Materials | Discovered new exit (range 16) 536 | -10/Materials | Entered Mines 748 | -10/Mines | Discovered new exit (range 7) 773 | -10/Mines | Learned Materials garrison access intel 802 | -10/Mines | Found a hidden stash of uninstalled traps 839 | -10/Mines | Received a Rocket Launcher from a helpful Derelict 903 | -10/Mines | Learned Materials emergency access door positions 1013 | -10/Mines | Discovered new exit (range 12) 1080 | -10/Mines | Discovered new exit (range 6) 1915 | -10/Mines | Entered Materials 1915 | -9/Materials | Evolved 2 slots: Utility x1, Weapon x1 2095 | -9/Materials | Repaired Lgt. Treads 2258 | -9/Materials | Identified exit to Mines 2258 | -9/Materials | Identified exit to Storage 2328 | -9/Materials | Build established: Scavenger-Tank 2453 | -9/Materials | Destroyed 9 combat bots 3443 | -9/Materials | Discovered new exit (range 16) 3755 | -9/Materials | Build established: Tank 3882 | -9/Materials | Discovered new exit (range 4) 4242 | -9/Materials | Identified exit to Materials 4299 | -9/Materials | Learned Storage emergency access door positions 4443 | -9/Materials | Loaded intel: 2 recycling unit locations 4491 | -9/Materials | Learned Storage terminal intel 4534 | -9/Materials | Repaired Hvy. Assault Rifle+ 4602 | -9/Materials | Entered Mines 4623 | -9/Mines | Assembled infested the area 5342 | -9/Mines | Learned Materials interactive machine intel 5465 | -9/Mines | Found the Drone Emporium 5483 | -9/Mines | Found Prototype Device 5610 | -9/Mines | Discovered exit to Materials (range 12) 5834 | -9/Mines | Discovered exit to Materials (range 7) 6067 | -9/Mines | Deemed a non-threat by the Exiles lab entrance 6067 | -9/Mines | Discovered new exit (range 5) 6078 | -9/Mines | Entered Exiles 6078 | -9/Exiles | Accompanied by 2 allies 6106 | -9/Exiles | Discovered new exit (range 15) 6108 | -9/Exiles | Led the pair of lost Derelicts to a safe place 6134 | -9/Exiles | Met 8R-AWN 6162 | -9/Exiles | Met EX-HEX 6238 | -9/Exiles | Met EX-DEC 6272 | -9/Exiles | Learned location of Zion (-7) 6306 | -9/Exiles | Met EX-BIN 6334 | -9/Exiles | Aligned with FarCom system 6336 | -9/Exiles | Given EX-Vault access code 6366 | -9/Exiles | Build established: Mutant 6386 | -9/Exiles | Opened EX-Vault 6398 | -9/Exiles | Found Cloak of Protection 6443 | -9/Exiles | Warned to stay clear of 0b10 Research branches 6529 | -9/Exiles | Warned about trapping Exiles lab 6759 | -9/Exiles | Identified Decoy Drone Bay 6956 | -9/Exiles | Attacked by the Exiles 6981 | -9/Exiles | Murdered 4 allies 7041 | -9/Exiles | Lost 10 allies 7065 | -9/Exiles | Destroyed 8R-AWN 7081 | -9/Exiles | Found Prototype Processor 7244 | -9/Exiles | Build established: Scavenger-Gunner 7317 | -9/Exiles | Destroyed EX-BIN 7327 | -9/Exiles | Destroyed EX-HEX 7438 | -9/Exiles | Destroyed EX-DEC 7472 | -9/Exiles | Found Deploy-a-Sentry 7524 | -9/Exiles | Found Prototype Device 7615 | -9/Exiles | Identified System Purifier 7631 | -9/Exiles | Identified Exp. Targeting Computer 7856 | -9/Exiles | Found Latent Energy Streamer 7862 | -9/Exiles | Found Flying Fortress v7 7976 | -9/Exiles | Build established: Scavenger-Tank 8038 | -9/Exiles | Discovered new exit (range 10) 8052 | -9/Exiles | Stole four prototypes: Flying Fortress v7, Cloak of Protection, Latent Energy Streamer, Deploy-a-Sentry 8052 | -9/Exiles | Entered Mines 8093 | -8/Mines | Core integrity fell below 50% 8290 | -8/Mines | Discovered exit to Materials (range 16) 8660 | -8/Mines | Build established: Mutant 8851 | -8/Mines | Discovered exit to Materials (range 8) 8965 | -8/Mines | Entered Materials 8965 | -8/Materials | Evolved 2 slots: Propulsion x2 8966 | -8/Materials | Loaded intel: 19 interactive machine locations 8967 | -8/Materials | Loaded intel: 1 garrison access location 9356 | -8/Materials | Build established: Scavenger-Tank 9357 | -8/Materials | Destroyed 13 combat bots 9535 | -8/Materials | Destroyed 7 combat bots 9723 | -8/Materials | Discovered new exit (range 15) 9984 | -8/Materials | Repaired Broken Adv. Myomer Leg 10121 | -8/Materials | Repaired Broken System Purifier 10154 | -8/Materials | Entered Factory 10154 | -7/Factory | Evolved 2 slots: Utility x2 10379 | -7/Factory | Discovered new exit (range 13) 10409 | -7/Factory | Identified exit to Lower Caves 10491 | -7/Factory | Entered Lower Caves 10697 | -7/Lower Caves | Build established: Skirmisher 10977 | -7/Lower Caves | Learned 4 Factory zone layouts 11296 | -7/Lower Caves | Found DRS Beacon 11333 | -7/Lower Caves | Discovered new exit (range 13) 11338 | -7/Lower Caves | Learned Factory emergency access door positions 11410 | -7/Lower Caves | Identified exit to Lower Caves 11442 | -7/Lower Caves | Entered another Lower Caves area 11443 | -7/Lower Caves | Flying Fortress v7 stolen by Master Thief 11444 | -7/Lower Caves | Encountered a Master Thief 11526 | -7/Lower Caves | Discovered new exit (range 15) 11544 | -7/Lower Caves | Identified exit to Factory 12580 | -7/Lower Caves | Discovered new exit (range 13) 12591 | -7/Lower Caves | Identified exit to Zion 12799 | -7/Lower Caves | Entered Zion 12838 | -7/Zion | Gained Derelict followers 12896 | -7/Zion | Discovered new exit (range 15) 12950 | -7/Zion | Found CR-A16's Pointy Stick 13043 | -7/Zion | Gained Derelict followers 13146 | -7/Zion | Learned Factory emergency access door positions 13198 | -7/Zion | Found Prototype Device 13207 | -7/Zion | Identified Phasing AFG 13813 | -7/Zion | Met Imprinter 13835 | -7/Zion | Imprinted 13837 | -7/Zion | Declared Zion's savior 13914 | -7/Zion | Found Prototype Special Weapon 13917 | -7/Zion | Found Prototype Special Weapon 13919 | -7/Zion | Found Prototype Special Weapon 13921 | -7/Zion | Found Prototype Special Weapon 13923 | -7/Zion | Identified RU-N14's Throwing Claymores (x4) 14150 | -7/Zion | Identified exit to Proximity Caves 14222 | -7/Zion | Entered Proximity Caves 14222 | -6/Proximity Caves | Accompanied by 11 allies 14920 | -6/Proximity Caves | Encountered a Derelict sapper outpost 14935 | -6/Proximity Caves | Activated DRS Beacon 15579 | -6/Proximity Caves | Learned Factory garrison access intel 15660 | -6/Proximity Caves | Discovered exit to Factory (range 11) 15800 | -6/Proximity Caves | Entered Factory 15800 | -6/Factory | Accompanied by 8 allies 15800 | -6/Factory | Evolved 2 slots: Power x1, Utility x1 15801 | -6/Factory | Identified exit to Factory 15803 | -6/Factory | Loaded intel: 4 garrison access locations 16406 | -6/Factory | Discovered new exit (range 11) 16417 | -6/Factory | Identified exit to Lower Caves 16448 | -6/Factory | Zion Hacker squad teleported in 16464 | -6/Factory | Discovered exit to Factory (range 15) 16561 | -6/Factory | Entered Lower Caves 16561 | -6/Lower Caves | Accompanied by 10 allies 16587 | -6/Lower Caves | A Derelict revealed a hidden shortcut to meet someone special 16594 | -6/Lower Caves | Identified exit to Data Miner 16744 | -6/Lower Caves | Attracted the attention of an 0b10 checkpoint 17207 | -6/Lower Caves | Encountered a Warlord checkpoint 17247 | -6/Lower Caves | Discovered new exit (range 12) 17288 | -6/Lower Caves | Found Prototype Device 17343 | -6/Lower Caves | Identified exit to Lower Caves 17461 | -6/Lower Caves | Entered another Lower Caves area 17461 | -6/Lower Caves | Accompanied by 10 allies 17499 | -6/Lower Caves | Discovered exit to Factory (range 15) 17584 | -6/Lower Caves | Build established: Scavenger-Skirmisher 17751 | -6/Lower Caves | Attracted the attention of an 0b10 checkpoint 17791 | -6/Lower Caves | Lost 4 allies 17802 | -6/Lower Caves | Learned Factory security intel 17808 | -6/Lower Caves | Learned Factory trap positions 17987 | -6/Lower Caves | Encountered a Master Thief 17987 | -6/Lower Caves | Encountered a Master Thief 17987 | -6/Lower Caves | Encountered a Master Thief 17987 | -6/Lower Caves | Discovered exit to Data Miner (range 15) 17989 | -6/Lower Caves | Deploy-a-Sentry stolen by Master Thief 17991 | -6/Lower Caves | Latent Energy Streamer stolen by Master Thief 18141 | -6/Lower Caves | Learned Factory emergency access door positions 18630 | -6/Lower Caves | Found Alien Artifact 18630 | -6/Lower Caves | Identified Core Expander 18630 | -6/Lower Caves | Installed Core Expander, added new Propulsion slot 18955 | -6/Lower Caves | Entered Data Miner 18955 | -6/Data Miner | Accompanied by 4 allies 18955 | -6/Data Miner | Discovered new exit (range 7) 18978 | -6/Data Miner | Met Data Miner 19004 | -6/Data Miner | Learned location of Section 7 (-3) 19004 | -6/Data Miner | Acquired the access code to Warlord's prototype stash 19021 | -6/Data Miner | Received God Mode back door access code from Data Miner 19086 | -6/Data Miner | Identified exit to Proximity Caves 19151 | -6/Data Miner | Entered Proximity Caves 19151 | -5/Proximity Caves | Accompanied by 4 allies 19190 | -5/Proximity Caves | Found DCF Scrap (11 items) 19203 | -5/Proximity Caves | Spotted B-75 Beast 19234 | -5/Proximity Caves | Destroyed B-75 Beast 19355 | -5/Proximity Caves | Spotter reported a threat 19459 | -5/Proximity Caves | Spotter reported a threat 19485 | -5/Proximity Caves | Attracted the attention of an 0b10 checkpoint 19487 | -5/Proximity Caves | Received a Behemoth hack from an annoying Tinkerer 19519 | -5/Proximity Caves | Lost 3 allies 19651 | -5/Proximity Caves | Identified Heart of Steel 19949 | -5/Proximity Caves | Discovered exit to Factory (range 10) 20068 | -5/Proximity Caves | Entered Factory 20068 | -5/Factory | Evolved 2 slots: Propulsion x1, Utility x1 20069 | -5/Factory | Loaded intel: 91 trap records 20233 | -5/Factory | Discovered new exit (range 14) 20251 | -5/Factory | Identified exit to Factory 20327 | -5/Factory | Zion Hacking Resupply teleported in 20368 | -5/Factory | Search patrols dispatched 20502 | -5/Factory | Zion Resource Resupply teleported in 20502 | -5/Factory | Garrison activated, responded to threat 20628 | -5/Factory | Zion Heavy squad teleported in 20905 | -5/Factory | Retrieved Zion intel report: Prototype Schematics 20906 | -5/Factory | Zion Heavy squad teleported in 20986 | -5/Factory | Cargo convoy interrupted 21003 | -5/Factory | Zion Heavy squad teleported in 21019 | -5/Factory | Found Scatter Rocket Array 21098 | -5/Factory | Found Zio. Weapon Casing 21121 | -5/Factory | Lost 3 parts (2n1u) 21200 | -5/Factory | Retrieved Zion intel report: Unaware Analyses 21326 | -5/Factory | Retrieved Zion intel report: Depthwide Sectors/-5 21327 | -5/Factory | Zion Fire squad teleported in 21343 | -5/Factory | Discovered new exit (range 6) 21346 | -5/Factory | Identified exit to Extension 21351 | -5/Factory | Entered Extension 21351 | -5/Extension | Accompanied by 3 allies 21365 | -5/Extension | Heart of Steel transformed into Warbot 21420 | -5/Extension | Zion Thermal Resupply teleported in 21445 | -5/Extension | Rescued a captive Derelict 21464 | -5/Extension | Rescued a captive Derelict 21465 | -5/Extension | Rescued a captive Derelict 21570 | -5/Extension | Rescued a captive Derelict 21572 | -5/Extension | Rescued a captive Derelict 21649 | -5/Extension | Retrieved Zion intel report: Unaware Analyses 21661 | -5/Extension | Retrieved Zion intel report: Component Schematics 21665 | -5/Extension | Retrieved Zion intel report: Guard Positions 21679 | -5/Extension | Rescued a captive Derelict 21684 | -5/Extension | Build established: Messiah-Gladiator 21726 | -5/Extension | Spotted B-75 Beast 21732 | -5/Extension | Spotted B-75 Beast 21754 | -5/Extension | Allies destroyed B-75 Beast 21758 | -5/Extension | Allies destroyed B-75 Beast 21784 | -5/Extension | Lost 3 parts (2n1u) 21798 | -5/Extension | Lost 4 allies 21802 | -5/Extension | Retrieved Zion intel report: Active Terminals 21959 | -5/Extension | Rescued a captive Derelict 21960 | -5/Extension | Rescued a captive Derelict 22016 | -5/Extension | Rescued A7 22114 | -5/Extension | Retrieved Zion intel report: Unaware Analyses 22115 | -5/Extension | Zion Kinetic Resupply teleported in 22204 | -5/Extension | Rescued a captive Derelict 22226 | -5/Extension | Discovered exit to Factory (range 10) 22227 | -5/Extension | Discovered new exit (range 6) 22236 | -5/Extension | Identified exit to Cetus 22251 | -5/Extension | First assault squad dispatched 22259 | -5/Extension | Entered Cetus 22259 | -5/Cetus | Accompanied by 9 allies (A7) 22264 | -5/Cetus | Acquired a Cetus Manufacturing Module code from A7 22276 | -5/Cetus | Spotted Cetus Guard 22277 | -5/Cetus | Spotted Cetus Guard 22281 | -5/Cetus | Destroyed Cetus Guard 22283 | -5/Cetus | Spotted Cetus Guard 22283 | -5/Cetus | Spotted Cetus Guard 22291 | -5/Cetus | Allies destroyed Cetus Guard 22294 | -5/Cetus | Destroyed Cetus Guard 22298 | -5/Cetus | Destroyed Cetus Guard 22402 | -5/Cetus | Started Cetus Manufacturing Module 22412 | -5/Cetus | Escorted A7 to Cetus Mainframe 22427 | -5/Cetus | Manufactured an Enhanced Grunt 22429 | -5/Cetus | Discovered new exit (range 15) 22452 | -5/Cetus | Manufactured an Enhanced Grunt 22477 | -5/Cetus | Manufactured an Enhanced Grunt 22502 | -5/Cetus | Manufactured an Enhanced Grunt 22527 | -5/Cetus | Manufactured an Enhanced Grunt 22632 | -5/Cetus | Spotted Cetus Guard 22632 | -5/Cetus | Destroyed Cetus Guard 22633 | -5/Cetus | Spotted Cetus Guard 22636 | -5/Cetus | Spotted Cetus Guard 22639 | -5/Cetus | Spotted Cetus Guard 22639 | -5/Cetus | Allies destroyed Cetus Guard 22643 | -5/Cetus | Allies destroyed Cetus Guard 22653 | -5/Cetus | Allies destroyed Cetus Guard 22665 | -5/Cetus | Discovered exit to Factory (range 15) 22680 | -5/Cetus | Scared off Revision 17 22803 | -5/Cetus | Entered Archives 22803 | -5/Archives | Accompanied by 13 allies (A7) 22808 | -5/Archives | Received a hacking code to weaken MAIN.C 22897 | -5/Archives | Discovered new exit (range 15) 22907 | -5/Archives | Lost 3 allies 23076 | -5/Archives | Discovered new exit (range 15) 23086 | -5/Archives | Murdered 3 allies 23181 | -5/Archives | Build established: Scavenger-Mutant 23202 | -5/Archives | Discovered exit to Factory (range 16) 27363 | -5/Archives | Entered Hub_04(d) 27363 | -5/Hub_04(d) | Accompanied by 4 allies 27376 | -5/Hub_04(d) | Discovered exit to Factory (range 13) 27391 | -5/Hub_04(d) | Zion Light squad teleported in 27603 | -5/Hub_04(d) | Found Zio. Weapon Casing 27629 | -5/Hub_04(d) | P-70 Sage assimilated allied YF-ODS(z) 27666 | -5/Hub_04(d) | Network Hub disabled 27697 | -5/Hub_04(d) | Destroyed 7 combat bots 27699 | -5/Hub_04(d) | Spotted Lightning 27736 | -5/Hub_04(d) | Spotted Lightning 27753 | -5/Hub_04(d) | Core integrity fell below 50% 27755 | -5/Hub_04(d) | Destroyed Lightning 27757 | -5/Hub_04(d) | System corruption reached 10% 27758 | -5/Hub_04(d) | Destroyed Lightning 27785 | -5/Hub_04(d) | Lost 5 parts (1p2u2w) 27796 | -5/Hub_04(d) | Spotted Lightning 27811 | -5/Hub_04(d) | Destroyed Lightning 27816 | -5/Hub_04(d) | Found Prototype Energy Cannon 27819 | -5/Hub_04(d) | Found Prototype Device 27822 | -5/Hub_04(d) | Found Prototype Device 27823 | -5/Hub_04(d) | Identified Exp. Phase Shifter 27825 | -5/Hub_04(d) | Identified Exp. EM Shield 27898 | -5/Hub_04(d) | Network Hub disabled 27939 | -5/Hub_04(d) | Spotted Lightning 27946 | -5/Hub_04(d) | Spotted Lightning 27950 | -5/Hub_04(d) | Spotted Lightning 27963 | -5/Hub_04(d) | First assault squad dispatched 27971 | -5/Hub_04(d) | Destroyed Lightning 27982 | -5/Hub_04(d) | Destroyed Lightning 27986 | -5/Hub_04(d) | Found Exp. Targeting Computer 27992 | -5/Hub_04(d) | Incoming assault squad redirected 27994 | -5/Hub_04(d) | Found Exp. EM Shield 28002 | -5/Hub_04(d) | Found Exp. Phase Shifter 28060 | -5/Hub_04(d) | Destroyed Lightning 28070 | -5/Hub_04(d) | Found Exp. EM Shield 28091 | -5/Hub_04(d) | Build established: Scavenger-Tank 28095 | -5/Hub_04(d) | Retrieved Zion intel report: Emergency Access 28096 | -5/Hub_04(d) | Zion Fire squad teleported in 28118 | -5/Hub_04(d) | Incoming investigation squad redirected 28120 | -5/Hub_04(d) | Spotted Lightning 28122 | -5/Hub_04(d) | Spotted Lightning 28125 | -5/Hub_04(d) | Spotted Lightning 28135 | -5/Hub_04(d) | Network Hub disabled 28139 | -5/Hub_04(d) | Network Hub disabled 28161 | -5/Hub_04(d) | Destroyed 10 combat bots 28166 | -5/Hub_04(d) | Lost 3 allies 28191 | -5/Hub_04(d) | High security lockdown imminent 28199 | -5/Hub_04(d) | System corruption reached 30% 28209 | -5/Hub_04(d) | Destroyed Lightning 28211 | -5/Hub_04(d) | Destroyed Lightning 28223 | -5/Hub_04(d) | Destroyed Lightning 28264 | -5/Hub_04(d) | Identified EMDS 28271 | -5/Hub_04(d) | High security lockdown engaged 28290 | -5/Hub_04(d) | Discovered exit to Factory (range 15) 28315 | -5/Hub_04(d) | Entered Factory 28315 | -4/Factory | Evolved 2 slots: Utility x2 28330 | -4/Factory | Lost 11 parts (2p4n4u1w) 28364 | -4/Factory | Zion Hover Resupply teleported in 28496 | -4/Factory | Spotted B-86 Titan 28519 | -4/Factory | Build established: Scavenger-Mutant 28565 | -4/Factory | First assault squad dispatched 28590 | -4/Factory | Incoming assault squad redirected 29083 | -4/Factory | Incoming assault squad redirected 29121 | -4/Factory | Crushed by falling debris 29126 | -4/Factory | Crushed by falling debris 29127 | -4/Factory | System corruption reached 10% 29151 | -4/Factory | Zion Light squad teleported in 29157 | -4/Factory | Lost 8 parts (2n6u) 29256 | -4/Factory | Zion Explosive Resupply teleported in 29257 | -4/Factory | Lost 3 allies 29261 | -4/Factory | Found Prototype Launcher 29261 | -4/Factory | Identified Gui. Missile Launcher 29322 | -4/Factory | Found Prototype Device 29322 | -4/Factory | Identified Exp. ECM Suite 29342 | -4/Factory | Found Zio. Weapon Casing 29343 | -4/Factory | Incoming assault squad redirected 29417 | -4/Factory | Retrieved Zion intel report: Emergency Access 29439 | -4/Factory | Sucked down chute 29439 | -4/Factory | Entered Waste 29443 | -4/Waste | Spotted C-40 Crusher 29454 | -4/Waste | EMP discharged 29459 | -4/Waste | Spotted C-40 Crusher 29459 | -4/Waste | Spotted C-40 Crusher 29460 | -4/Waste | Spotted C-40 Crusher 29471 | -4/Waste | Destroyed C-40 Crusher 29484 | -4/Waste | Destroyed C-40 Crusher 29498 | -4/Waste | Destroyed C-40 Crusher 29508 | -4/Waste | Destroyed C-40 Crusher 29515 | -4/Waste | Spotted C-40 Crusher 29523 | -4/Waste | Destroyed C-40 Crusher 29527 | -4/Waste | Spotted C-40 Crusher 29532 | -4/Waste | Destroyed C-40 Crusher 29554 | -4/Waste | EMP discharged 29555 | -4/Waste | Discovered new exit (range 13) 29557 | -4/Waste | Build established: Messiah-Mutant 29561 | -4/Waste | Identified exit to Factory 29588 | -4/Waste | Entered Factory 29614 | -4/Factory | Central database locked down 29619 | -4/Factory | Identified exit to DSF 29619 | -4/Factory | Entered DSF 29641 | -4/DSF | Discovered new exit (range 21) 29656 | -4/DSF | Additional patrols routed to DSF 29732 | -4/DSF | Identified exit to Research 29737 | -4/DSF | Entered Research 29737 | -3/Research | Evolved 2 slots: Utility x2 29884 | -3/Research | Build established: Scavenger-Skirmisher 29886 | -3/Research | Fabricated Enh. Nova Cannon? 29928 | -3/Research | Zion Heavy squad teleported in 30013 | -3/Research | Spotted B-86 Titan 30071 | -3/Research | Revealed the true nature of CR-A16's Pointy Stick 30074 | -3/Research | Destroyed B-86 Titan 30095 | -3/Research | Found Hvy. Reflective Plating 30101 | -3/Research | Lost 5 parts (1p2n2u) 30117 | -3/Research | Retrieved Zion intel report: Component Stockpiles 30118 | -3/Research | Zion Heavy squad teleported in 30259 | -3/Research | Found Zio. Weapon Casing 30354 | -3/Research | Zion Heavy squad teleported in 30487 | -3/Research | First assault squad dispatched 30515 | -3/Research | Incoming assault squad redirected 30649 | -3/Research | Build established: Messiah-Skirmisher 30675 | -3/Research | Retrieved Zion intel report: Trap Installations 30676 | -3/Research | Zion Kinetic Resupply teleported in 30731 | -3/Research | Discovered new exit (range 8) 30738 | -3/Research | Identified exit to Quarantine 30739 | -3/Research | Entered Quarantine 30765 | -3/Quarantine | Retrieved Zion intel report: Emergency Access 30776 | -3/Quarantine | Retrieved Zion intel report: Branch Access 30801 | -3/Quarantine | Retrieved Zion intel report: Prototype Stockpiles 30816 | -3/Quarantine | Retrieved Zion intel report: Main Access 30816 | -3/Quarantine | Identified exit to Research 30828 | -3/Quarantine | Found Alien Artifact 31031 | -3/Quarantine | Found Alien Reactor 31182 | -3/Quarantine | Retrieved Zion intel report: Unaware Analyses 31205 | -3/Quarantine | Central database locked down 31205 | -3/Quarantine | Identified Subatomic Replicator 31225 | -3/Quarantine | Found Alien Impact Weapon 31273 | -3/Quarantine | Found Alien Artifact 31273 | -3/Quarantine | Identified Dimensional Node Initializer 31273 | -3/Quarantine | Initialized slip node 31280 | -3/Quarantine | Found Alien Artifact 31396 | -3/Quarantine | Retrieved Zion intel report: Component Stockpiles 31455 | -3/Quarantine | Found Alien Launcher 31489 | -3/Quarantine | First assault squad dispatched 31513 | -3/Quarantine | Incoming assault squad redirected 31533 | -3/Quarantine | Found Prototype Device 31533 | -3/Quarantine | Identified Exp. Focal Shield 31544 | -3/Quarantine | Identified Core Stripper 31575 | -3/Quarantine | Found Alien Artifact 31575 | -3/Quarantine | Identified Phase Armor 31631 | -3/Quarantine | Scanned by Researcher 31645 | -3/Quarantine | Spotted Fortress 31655 | -3/Quarantine | Destroyed Fortress 31662 | -3/Quarantine | Found Prototype Reactor 31662 | -3/Quarantine | Identified Vortex Chain Reactor 31666 | -3/Quarantine | Found Prototype Protection 31666 | -3/Quarantine | Identified Centrium Heavy Armor Plating 31670 | -3/Quarantine | Found Prototype Device 31670 | -3/Quarantine | Identified Thermal Barrier 31679 | -3/Quarantine | Found Prototype Device 31679 | -3/Quarantine | Identified Exp. Force Field 31774 | -3/Quarantine | Discovered new exit (range 6) 31774 | -3/Quarantine | Discovered new exit (range 6) 31778 | -3/Quarantine | Identified exit to Protoforge 31781 | -3/Quarantine | Identified exit to Section 7 32009 | -3/Quarantine | Entered Protoforge 32139 | -3/Protoforge | Spotted Hotshot 32141 | -3/Protoforge | Spotted Hotshot 32141 | -3/Protoforge | Spotted Hotshot 32168 | -3/Protoforge | Spotted Hotshot 32311 | -3/Protoforge | Superfortress began startup sequence 32439 | -3/Protoforge | Spotted Hotshot 32441 | -3/Protoforge | Spotted Hotshot 32467 | -3/Protoforge | Destroyed Hotshot 32488 | -3/Protoforge | Destroyed 8 combat bots 32503 | -3/Protoforge | Destroyed Hotshot 32518 | -3/Protoforge | Spotted Hotshot 32518 | -3/Protoforge | Spotted Hotshot 32519 | -3/Protoforge | Spotted Hotshot 32529 | -3/Protoforge | Identified Sigix Terminator 32531 | -3/Protoforge | Fired Sigix Terminator 32531 | -3/Protoforge | Destroyed Hotshot 32531 | -3/Protoforge | Destroyed Hotshot 32531 | -3/Protoforge | Destroyed Hotshot 32531 | -3/Protoforge | Spotted Decapitator 32531 | -3/Protoforge | Spotted Decapitator 32531 | -3/Protoforge | Spotted Decapitator 32531 | -3/Protoforge | Spotted Decapitator 32531 | -3/Protoforge | Spotted Decapitator 32531 | -3/Protoforge | Destroyed Decapitator 32531 | -3/Protoforge | Destroyed Decapitator 32531 | -3/Protoforge | Destroyed Decapitator 32531 | -3/Protoforge | Destroyed Decapitator 32531 | -3/Protoforge | Destroyed Decapitator 32552 | -3/Protoforge | Destroyed 13 combat bots 32725 | -3/Protoforge | Found Prototype Device 32726 | -3/Protoforge | Identified Exp. System Purifier 32759 | -3/Protoforge | First assault squad dispatched 32774 | -3/Protoforge | Spotted V316-a 32787 | -3/Protoforge | Incoming assault squad redirected 32877 | -3/Protoforge | Spotted Decapitator 32877 | -3/Protoforge | Spotted Decapitator 32877 | -3/Protoforge | Spotted Decapitator 32877 | -3/Protoforge | Spotted Decapitator 32881 | -3/Protoforge | Destroyed Decapitator 32898 | -3/Protoforge | Found Prototype Protection 32898 | -3/Protoforge | Identified Cep. RG22 Armor 32901 | -3/Protoforge | Found Prototype Protection 32901 | -3/Protoforge | Identified Cep. Core Shell 33026 | -3/Protoforge | Incoming assault squad redirected 33065 | -3/Protoforge | Found Prototype Device 33078 | -3/Protoforge | Found Cep. Chromion Battery 33080 | -3/Protoforge | Found Cep. Chromion Battery 33087 | -3/Protoforge | Spotted Immortal 33097 | -3/Protoforge | Spotted Decapitator 33097 | -3/Protoforge | Spotted Decapitator 33097 | -3/Protoforge | Spotted Decapitator 33097 | -3/Protoforge | Spotted Decapitator 33101 | -3/Protoforge | Destroyed Decapitator 33105 | -3/Protoforge | Destroyed Decapitator 33105 | -3/Protoforge | Destroyed Decapitator 33105 | -3/Protoforge | Destroyed Decapitator 33143 | -3/Protoforge | Lost 6 parts (1p2n1u2w) 33188 | -3/Protoforge | Destroyed 18 combat bots 33266 | -3/Protoforge | Destroyed Immortal 33273 | -3/Protoforge | Found Cep. Core Shell 33341 | -3/Protoforge | Found Cep. Antigrav Storage Unit 33344 | -3/Protoforge | Found Cep. NT7 Matterbank 33350 | -3/Protoforge | Found Prototype Device 33351 | -3/Protoforge | Identified Cep. Matter Streamer 33358 | -3/Protoforge | Found Cep. Chromion Battery 33364 | -3/Protoforge | Identified Crosscalibrator 33374 | -3/Protoforge | Found Cep. Antigrav Storage Unit 33377 | -3/Protoforge | Found Cep. Chromion Battery 33432 | -3/Protoforge | Core integrity fell below 50% 33463 | -3/Protoforge | Found Prototype Leg 33463 | -3/Protoforge | Identified Cep. Biometal Exoskeleton 33464 | -3/Protoforge | Terminal network hard line cut 33511 | -3/Protoforge | Found Prototype Device 33516 | -3/Protoforge | Identified Exp. Shock Absorption System 33519 | -3/Protoforge | Found Prototype Device 33519 | -3/Protoforge | Identified Exp. Thermal Defense Suite 33522 | -3/Protoforge | Found Prototype Processor 33522 | -3/Protoforge | Identified Exp. Melee Analysis Suite 33552 | -3/Protoforge | Found Cep. Biometal Exoskeleton 33669 | -3/Protoforge | Lost 3 parts (1p2u) 33728 | -3/Protoforge | Destroyed 11 combat bots 33746 | -3/Protoforge | Build established: Scavenger-Mutant 33772 | -3/Protoforge | Found Exp. Remote Shield 33776 | -3/Protoforge | Found Cep. RG22 Armor 33829 | -3/Protoforge | Destroyed V316-a 33839 | -3/Protoforge | Found Prototype Device 33846 | -3/Protoforge | Identified Exp. Weapon Cycler 33852 | -3/Protoforge | Found Prototype Device 33853 | -3/Protoforge | Identified Exp. Shield Generator 33859 | -3/Protoforge | Found Prototype Device 33859 | -3/Protoforge | Identified Cep. Antimissile System 33942 | -3/Protoforge | Destroyed 9 combat bots 34005 | -3/Protoforge | Spotted Decapitator 34005 | -3/Protoforge | Spotted V675-o 34005 | -3/Protoforge | Spotted V842-y 34022 | -3/Protoforge | Spotted Decapitator 34032 | -3/Protoforge | Destroyed Decapitator 34035 | -3/Protoforge | Destroyed Decapitator 34052 | -3/Protoforge | Destroyed V842-y 34061 | -3/Protoforge | Destroyed V675-o 34065 | -3/Protoforge | Found Cep. Zero-point Core 34075 | -3/Protoforge | Lost 5 parts (1p2u2w) 34086 | -3/Protoforge | Found Prototype Device 34086 | -3/Protoforge | Identified Cep. Countertargeting System 34110 | -3/Protoforge | Found Cep. Lightning Penetrator 34115 | -3/Protoforge | Found Prototype Energy Gun 34115 | -3/Protoforge | Identified Cep. Disintegration Ray 34123 | -3/Protoforge | Found Cep. Miniperforator 34126 | -3/Protoforge | Found Cep. Deflector Sword 34129 | -3/Protoforge | Found Faulty Cep. Plasma Driver 34150 | -3/Protoforge | Found Faulty Cep. Miniperforator 34153 | -3/Protoforge | Found Cep. Plasma Driver 34157 | -3/Protoforge | Found Cep. Lightning Penetrator 34160 | -3/Protoforge | Found Cep. Disintegration Ray 34162 | -3/Protoforge | Found Faulty Cep. Lightning Penetrator 34271 | -3/Protoforge | System corruption reached 10% 34284 | -3/Protoforge | Incoming assault squad redirected 34305 | -3/Protoforge | Destroyed 8 combat bots 34325 | -3/Protoforge | Spotted Hotshot 34325 | -3/Protoforge | Spotted Hotshot 34325 | -3/Protoforge | Spotted Hotshot 34328 | -3/Protoforge | Spotted Hotshot 34329 | -3/Protoforge | Destroyed Hotshot 34333 | -3/Protoforge | Destroyed Hotshot 34335 | -3/Protoforge | Destroyed Hotshot 34336 | -3/Protoforge | Destroyed Hotshot 34357 | -3/Protoforge | Destroyed 8 combat bots 34379 | -3/Protoforge | Found Cep. Network Penetrator 34384 | -3/Protoforge | Spotted V190-e 34392 | -3/Protoforge | Spotted V891-r 34402 | -3/Protoforge | Destroyed V891-r 34413 | -3/Protoforge | Spotted V788-j 34413 | -3/Protoforge | Spotted V216-h 34425 | -3/Protoforge | Found Cep. Network Penetrator 34436 | -3/Protoforge | Found Prototype Processor 34436 | -3/Protoforge | Identified Exp. Armor Integrity Analyzer 34439 | -3/Protoforge | Found Prototype Device 34439 | -3/Protoforge | Identified Mni. Quantum Capacitor 34476 | -3/Protoforge | Found Cep. RG22 Armor 34594 | -3/Protoforge | Spotted Decapitator 34597 | -3/Protoforge | Destroyed Decapitator 34601 | -3/Protoforge | Spotted Decapitator 34601 | -3/Protoforge | Spotted Decapitator 34605 | -3/Protoforge | Spotted Decapitator 34610 | -3/Protoforge | Destroyed Decapitator 34610 | -3/Protoforge | Destroyed Decapitator 34610 | -3/Protoforge | Destroyed Decapitator 34612 | -3/Protoforge | Build established: Scavenger-Gunner 34631 | -3/Protoforge | Destroyed 18 combat bots 34641 | -3/Protoforge | Spotted V485-e 34650 | -3/Protoforge | Destroyed V485-e 34659 | -3/Protoforge | Found Cep. Zero-point Core 34673 | -3/Protoforge | Found Faulty Cep. Zero-point Core 34773 | -3/Protoforge | Spotted Immortal 34774 | -3/Protoforge | Incoming assault squad redirected 34775 | -3/Protoforge | Spotted Immortal 34779 | -3/Protoforge | Incoming assault squad redirected 34784 | -3/Protoforge | Destroyed Immortal 34785 | -3/Protoforge | Destroyed Immortal 34785 | -3/Protoforge | Incoming assault squad redirected 34799 | -3/Protoforge | Spotted V592-y 34813 | -3/Protoforge | Destroyed V592-y 34834 | -3/Protoforge | Found Prototype Protection 34834 | -3/Protoforge | Identified Med. Regenerative Plating 34848 | -3/Protoforge | Found Prototype Launcher 34848 | -3/Protoforge | Identified Cep. Tactical Fusion Warhead 34852 | -3/Protoforge | Found Prototype Launcher 34852 | -3/Protoforge | Identified Cep. Smart ZDS 34966 | -3/Protoforge | Found Cep. Hypertargeting System 35024 | -3/Protoforge | Incoming assault squad redirected 35032 | -3/Protoforge | Incoming assault squad redirected 35050 | -3/Protoforge | Destroyed AP7-3 35052 | -3/Protoforge | Spotted AP7-3 35053 | -3/Protoforge | Destroyed AP7-3 35088 | -3/Protoforge | Found Cep. Core Analysis Suite 35093 | -3/Protoforge | Found Prototype Impact Weapon 35093 | -3/Protoforge | Identified Cep. Blasthammer 35101 | -3/Protoforge | Found Prototype Device 35101 | -3/Protoforge | Identified Cep. Cloak Mesh 35105 | -3/Protoforge | Found Prototype Device 35105 | -3/Protoforge | Identified Cep. Thermoelectric Network 35112 | -3/Protoforge | Found Cep. Cloak Mesh 35117 | -3/Protoforge | Found Cep. Core Analysis Suite 35129 | -3/Protoforge | Found Cld. Directed Potential Cannon 35174 | -3/Protoforge | Found Faulty Cep. Thermoelectric Network 35277 | -3/Protoforge | Incoming assault squad redirected 35284 | -3/Protoforge | Incoming assault squad redirected 35306 | -3/Protoforge | Additional patrols dispatched to research labs 35320 | -3/Protoforge | Found Cep. Nanofilaments [Conductive] 35320 | -3/Protoforge | Installed Cep. Nanofilaments [Conductive], 2 resistances modified: TH -15%, EM +25% 35338 | -3/Protoforge | Found Cep. Navigation Harness 35349 | -3/Protoforge | Found Transdimensional Reconstructor 35381 | -3/Protoforge | Core integrity fell below 20% 35399 | -3/Protoforge | Found Cep. Weapon Articulator 35414 | -3/Protoforge | Found Cep. XC Strikerail 35547 | -3/Protoforge | Found Cep. NT7 Matterbank 35636 | -3/Protoforge | Spotted Hotshot 35637 | -3/Protoforge | Spotted Hotshot 35637 | -3/Protoforge | Spotted Hotshot 35638 | -3/Protoforge | Spotted Hotshot 35691 | -3/Protoforge | Spotted B-86 Titan 35707 | -3/Protoforge | Destroyed B-86 Titan 35734 | -3/Protoforge | Destroyed Hotshot 35737 | -3/Protoforge | Destroyed Hotshot 35739 | -3/Protoforge | Destroyed Hotshot 35741 | -3/Protoforge | Destroyed Hotshot 35775 | -3/Protoforge | Warped through subspace 35789 | -3/Protoforge | Incoming assault squad redirected 35816 | -3/Protoforge | Discovered exit to Research (range 5) 35820 | -3/Protoforge | Entered Research 35820 | -2/Research | Evolved 2 slots: Power x1, Utility x1 35841 | -2/Research | Watched by a mysterious "MATRIX" hacker. 35934 | -2/Research | Zion hero teleported in (P1-3CE) 35989 | -2/Research | Garrison activated, responded to threat 36041 | -2/Research | Spotted B-90 Cyclops 36050 | -2/Research | Destroyed B-90 Cyclops 36070 | -2/Research | First assault squad dispatched 36130 | -2/Research | Build established: Wizard-Gunner 36232 | -2/Research | Incoming investigation squad redirected 36276 | -2/Research | Retrieved Zion intel report: Main Access 36276 | -2/Research | Identified exit to Access 36277 | -2/Research | Zion Experimental squad teleported in 36279 | -2/Research | Fabricated P-60 Hacker (x2) 36288 | -2/Research | High security lockdown imminent 36334 | -2/Research | Found Exp. Targeting Computer 36368 | -2/Research | High security lockdown engaged 36371 | -2/Research | Found Prototype Protection 36373 | -2/Research | Identified Zio. Shade Armor 36376 | -2/Research | Found Zio. Shade Armor 36378 | -2/Research | Found Prototype Energy Cannon 36469 | -2/Research | Entered Access 36469 | -1/Access | Accompanied by 1 ally 36469 | -1/Access | Evolved 2 slots: Utility x2 36689 | -1/Access | Identified Zio. Alpha Cannon Mk. II 36689 | -1/Access | Central database locked down 36797 | -1/Access | Found Imp. Powered Armor 36813 | -1/Access | High security lockdown imminent 36872 | -1/Access | Destroyed 8 combat bots 36893 | -1/Access | High security lockdown engaged 37102 | -1/Access | Spotted Executioner 37103 | -1/Access | Destroyed Executioner 37124 | -1/Access | Destroyed Investigator 37191 | -1/Access | Destroyed 17 combat bots 37232 | -1/Access | Spotted Executioner 37236 | -1/Access | Destroyed Executioner 37262 | -1/Access | Destroyed 13 combat bots 37272 | -1/Access | Destroyed Investigator 37394 | -1/Access | Destroyed Executioner 37395 | -1/Access | Destroyed Striker 37398 | -1/Access | Destroyed Striker 37419 | -1/Access | Destroyed 23 combat bots 37424 | -1/Access | Build established: Hacker-Gunner 37465 | -1/Access | Spotted Striker 37465 | -1/Access | Spotted Executioner 37465 | -1/Access | Spotted Striker 37465 | -1/Access | Destroyed Executioner 37473 | -1/Access | Destroyed Striker 37480 | -1/Access | Destroyed Striker 37505 | -1/Access | Destroyed 8 combat bots 37557 | -1/Access | Spotted Striker 37561 | -1/Access | Destroyed Executioner 37564 | -1/Access | Destroyed Striker 37565 | -1/Access | Spotted Executioner 37565 | -1/Access | Spotted Striker 37568 | -1/Access | Destroyed Executioner 37569 | -1/Access | Destroyed Striker 37574 | -1/Access | Destroyed Striker 37575 | -1/Access | Spotted Striker 37581 | -1/Access | Destroyed Striker 37596 | -1/Access | Spotted Striker 37596 | -1/Access | Spotted Striker 37601 | -1/Access | Destroyed Striker 37602 | -1/Access | Destroyed Striker 37624 | -1/Access | Destroyed 24 combat bots 37726 | -1/Access | Destroyed Executioner 37727 | -1/Access | Spotted Executioner 37727 | -1/Access | Spotted Striker 37729 | -1/Access | Destroyed Striker 37731 | -1/Access | Destroyed Executioner 37732 | -1/Access | Destroyed Investigator 37741 | -1/Access | Sterilization system engaged 37772 | -1/Access | Spotted Striker 37780 | -1/Access | Destroyed Striker 37802 | -1/Access | Destroyed 29 combat bots 37807 | -1/Access | Spotted Executioner 37807 | -1/Access | Spotted Executioner 37807 | -1/Access | Spotted Executioner 37807 | -1/Access | Destroyed Executioner 37809 | -1/Access | Destroyed Executioner 37810 | -1/Access | Destroyed Executioner 37878 | -1/Access | Destroyed 9 combat bots 38041 | -1/Access | Ambient heat levels rising (+10) 38162 | -1/Access | Found Prototype Device 38162 | -1/Access | Identified Adv. Kinecellerator 38191 | -1/Access | Ambient heat levels rising (+10) 38286 | -1/Access | Found Exp. Armor Integrity Analyzer 38297 | -1/Access | Found Prototype Device 38297 | -1/Access | Identified Adv. EM Shield 38341 | -1/Access | Ambient heat levels rising (+10) 38491 | -1/Access | Ambient heat levels rising (+10) 38641 | -1/Access | Ambient heat levels rising (+10) 38733 | -1/Access | Found Gamma Bomb Array 38791 | -1/Access | Ambient heat levels rising (+10) 38819 | -1/Access | Spotted B-99 Colossus 38916 | -1/Access | Found Prototype Device 38916 | -1/Access | Identified Exp. EM Disruption Field 38941 | -1/Access | Ambient heat levels rising (+10) 38987 | -1/Access | Spotted B-99 Colossus 38987 | -1/Access | Spotted B-99 Colossus 39050 | -1/Access | Discovered new exit (range 8) 39061 | -1/Access | Entered Command 39139 | -1/Command | Retrieved Zion intel report: Main Access 39139 | -1/Command | Identified exit to Surface 39161 | -1/Command | Retrieved Zion intel report: Active Terminals 39249 | -1/Command | Retrieved Zion intel report: Guard Positions 39277 | -1/Command | Disengaged cave seal 39375 | -1/Command | High security lockdown imminent 39397 | -1/Command | Retrieved Zion intel report: Depthwide Sectors/-1 39455 | -1/Command | High security lockdown engaged 39511 | -1/Command | P-80 Master assimilated allied VS-056(z) 39565 | -1/Command | Lost 3 allies 39611 | -1/Command | Found Zio. Weapon Casing 39622 | -1/Command | Lost 3 allies 39662 | -1/Command | Spotted Investigator 39662 | -1/Command | Destroyed Investigator 39711 | -1/Command | Destroyed 28 combat bots 39719 | -1/Command | Spotted M Guard 39723 | -1/Command | Spotted M Guard 39724 | -1/Command | Spotted Combat Programmer 39724 | -1/Command | Spotted Combat Programmer 39736 | -1/Command | Destroyed Combat Programmer 39737 | -1/Command | Destroyed Combat Programmer 39746 | -1/Command | Destroyed M Guard 39754 | -1/Command | Destroyed M Guard 39754 | -1/Command | All MAIN.C guards destroyed 39809 | -1/Command | Destroyed 8 combat bots 39816 | -1/Command | Spotted Striker 39816 | -1/Command | Spotted Striker 39816 | -1/Command | Spotted Striker 39821 | -1/Command | Destroyed Striker 39826 | -1/Command | Destroyed Striker 39829 | -1/Command | Destroyed Striker 39830 | -1/Command | Spotted Striker 39835 | -1/Command | Destroyed Striker 39836 | -1/Command | Destroyed Striker 39860 | -1/Command | Destroyed 7 combat bots 39886 | -1/Command | Met MAIN.C 39888 | -1/Command | 0b10 Conduit disabled 39910 | -1/Command | Destroyed MAIN.C Shell 39911 | -1/Command | MAIN.C activated Command garrisons 39949 | -1/Command | Destroyed MAIN.C 39972 | -1/Command | Identified Hpw. Transdimensional Reconstructor 39972 | -1/Command | Discovered exit to Surface (range 39) 39972 | -1/Command | Discovered exit to Surface (range 91) 39972 | -1/Command | Extracted map data and part IDs from MAIN.C's data core 39976 | -1/Command | Lost 5 parts (1p3n1u) 39976 | -1/Command | Found Exp. Powered Armor 39997 | -1/Command | Found Singularity Reactor 40006 | -1/Command | Found Centrium Heavy Armor Plating 40020 | -1/Command | Found Zero-point Reactor 40111 | -1/Command | Spotted B-99 Colossus 40114 | -1/Command | Destroyed B-99 Colossus 40251 | -1/Command | Found Zero-point Reactor 40253 | -1/Command | Found Zero-point Reactor 40255 | -1/Command | Found Exp. Phase Shifter 40258 | -1/Command | Found Exp. System Purifier 40266 | -1/Command | Found Spectral Analyzer 40275 | -1/Command | Found Z-bomb Delivery System 40298 | -1/Command | Found Launcher Loader 40512 | -1/Command | Build established: Mutant 40602 | -1/Command | Found Containment Facilitator 41072 | -1/Command | Build established: Scavenger-Gunner 41336 | -1/Command | Used Subatomic Replicator to replicate Z-bomb Delivery System 41455 | -1/Command | Build established: Scavenger-Mutant 41794 | -1/Command | Build established: Scavenger-Gunner 42722 | -1/Command | Found Prototype Protection 42722 | -1/Command | Identified Zio. Shade Carapace 42745 | -1/Command | Found Zio. Weapon Casing 43016 | -1/Command | Build established: Messiah-Gunner 43162 | -1/Command | Murdered Z-Experimental 43165 | -1/Command | Found Exp. Weapon Cycler 43168 | -1/Command | Found Prototype Protection 43168 | -1/Command | Identified Zio. Shade Armor 43177 | -1/Command | Found Zio. Weapon Casing 43193 | -1/Command | Found Zio. Shade Armor 43197 | -1/Command | Found Zio. Alpha Cannon Mk. II 43207 | -1/Command | Found Zio. Alpha Cannon Mk. II 43364 | -1/Command | Warped through subspace to slip node 43364 | -1/Command | Discovered new exit (range 4) 43369 | -1/Command | Entered Access_0 43372 | -1/Access_0 | Met Architect 43372 | -1/Access_0 | Destroyed A8 43373 | -1/Access_0 | Architect warped through subspace 43424 | -1/Access_0 | Architect warped through subspace 43465 | -1/Access_0 | Build established: Messiah-Tank 43465 | -1/Access_0 | Architect warped through subspace 43509 | -1/Access_0 | Architect warped through subspace 43551 | -1/Access_0 | Architect warped through subspace 43590 | -1/Access_0 | Architect warped through subspace 43594 | -1/Access_0 | Subspace Access Node disabled 43614 | -1/Access_0 | A6 warped into view 43617 | -1/Access_0 | Destroyed A6 43623 | -1/Access_0 | Architect warped through subspace 43677 | -1/Access_0 | Architect warped through subspace 43697 | -1/Access_0 | Subspace Access Node disabled 43717 | -1/Access_0 | Architect warped through subspace 43744 | -1/Access_0 | Architect warped through subspace 43770 | -1/Access_0 | Architect warped through subspace 43791 | -1/Access_0 | Architect warped through subspace 43809 | -1/Access_0 | Architect warped through subspace 43821 | -1/Access_0 | A5 warped into view 43826 | -1/Access_0 | Architect warped through subspace 43836 | -1/Access_0 | Destroyed A5 43842 | -1/Access_0 | Architect warped through subspace 43861 | -1/Access_0 | Architect warped through subspace 43876 | -1/Access_0 | Architect warped through subspace 43897 | -1/Access_0 | Subspace Access Node disabled 43899 | -1/Access_0 | Architect warped through subspace 43973 | -1/Access_0 | Subspace Access Node disabled 43987 | -1/Access_0 | Core integrity fell below 50% 44062 | -1/Access_0 | Lost 8 parts (1p1n5u1w) 44087 | -1/Access_0 | Destroyed Architect 44088 | -1/Access_0 | Architect triggered a singularity event 44088 | -1/Access_0 | Extracted unknown sensor trigger ID from Architect's data core 44090 | -1/Access_0 | Found Hpw. Transdimensional Reconstructor 44090 | -1/Access_0 | Warped through subspace to slip node 44090 | -1/Access_0 | Discovered exit to Surface (range 8) 44096 | -1/Access_0 | Released all parts (21) 44097 | *** | Escaped singularity! Last Messages --------------- 44096_ Released Centrium Heavy Armor Plating. 44096_ Released Graphene Brace. 44096_ Released Cep. Phasing Heat Sink. 44096_ Released Hds. Centrium Leg. 44096_ Released Centrium Leg+. 44096_ Released Imp. Launcher Guidance Computer. 44096_ Released Hds. Centrium Leg. 44096_ Released Cep. Core Analysis Suite. 44096_ Released Cep. Antigrav Storage Unit. 44096_ Released Hds. Centrium Leg. 44096_ Released Spectral Analyzer. 44096_ Released Cep. Plasma Driver. 44096_ Released Zero-point Reactor. 44096_ Released Cep. Zero-point Core. 44096_ Released Enh. Flexi-carbon Leg. 44096_ Released Exp. Weapon Cycler. 44096_ Released Cep. Plasma Driver. 44096_ Released Adv. Heat Sink. 44097_ A0_COM: 2. [Achievement: 150k Club] Map ----- +----------------------------------------------------+ | | | | | | | | | | | | | | | | | | | | | | | | | | | | | | | | | ?????????????????????????????????????????????????? | | ?????????????????????????????????????????????????? | | ?????????????????????????????????????????????????? | | ?????????????????????????????????????????????????? | | ?????????????????????????????????????????????????? | | ?????????????????????????????????????????????????? | | ????????????????????????###??????????????????????? | | ???????????????????????## ##?????????????????????? | | ???????????????????????#!=]#?????????????????????? | | ???????????????????????#=@]#?????????????????????? | | ??????????????????????##!!!#?????????????????????? | | ??????????????????????#!=!=#?????????????????????? | | ??????????????????????#!!!##?????????????????????? | | ??????????????????????##=!=#?????????????????????? | | ??????????????????????#!]]]#?????????????????????? | | ??????????????????????#*!]##?????????????????????? | | ??????????????????????# !*!#?????????????????????? | | ??????????????????????# ##?????????????????????? | | ??????????????????????## #??????????????????????? | | ???????????????????????####??????????????????????? | | ?????????????????????????????????????????????????? | | ?????????????????????????????????????????????????? | | ?????????????????????????????????????????????????? | | ?????????????????????????????????????????????????? | | ?????????????????????????????????????????????????? | | ?????????????????????????????????????????????????? | | ?????????????????????????????????????????????????? | | ?????????????????????????????????????????????????? | | ?????????????????????????????????????????????????? | | ?????????????????????????????????????????????????? | | ?????????????????????????????????????????????????? | | ?????????????????????????????????????????????????? | | ?????????????????????????????????????????????????? | | ?????????????????????????????????????????????????? | +----------------------------------------------------+ Best States ------------- Heat Dissipation 160 Coolant Potential 100 Energy Generation 105 Energy Capacity 3120 Matter Stores 300 Matter Capacity 300 Sight Range 24 Robot Scan Range 18 Terrain Scan Range 24 Terrain Scan Density 10 Jamming Range 14 Cloak Strength 9 Base Temperature (-) 100 Corruption Containment 12 Corruption Block 20 Armor Coverage 1250 Resistance: KI 30 Resistance: TH 30 Resistance: EX 30 Resistance: EM 100 Resistance: I 30 Resistance: S 30 Resistance: P 30 Core Shielding 90 Propulsion Shielding 90 Utility Shielding 66 Weapon Shielding 100 Point Defense Rating 480 Projectile Deflection 15 Weapon Cycling 30 Melee Speed Boost 20 Phase Shifting 20 Evasion (%) 99 Targeting Accuracy 24 Launcher Accuracy 30 Core Analysis 16 Armor Integrity Analysis 50 Recoil Reduction 4 Matter Filtering 45 Particle Charging 37 Salvage Targeting 5 Offensive Hacking 100 Authchip Count 1 Item Schematics ----------------- Hcp. Storage Unit | -10/Materials | Hacked Mak. Salvage Targeting Computer | -8/Materials | Scanalyzed Adv. Myomer Leg | -8/Materials | Scanalyzed Magnetic Acceleration Cannon | -7/Zion | Archive Imp. Field Recycling Unit | -7/Zion | Archive Energy Filter | -7/Zion | Archive Angular Momentum Engine | -7/Zion | Archive Microactuators | -7/Zion | Archive Energy Well | -7/Zion | Archive Gravmag System | -7/Zion | Archive Imp. Coolant Injector | -7/Zion | Archive Variable Charge Gun | -7/Zion | Archive Gauss Cannon | -7/Zion | Archive Imp. Heavy Armor Plating | -7/Zion | Archive Proton Cannon | -7/Zion | Archive Imp. Melee Analysis Suite | -7/Zion | Archive EM Shield | -7/Zion | Archive Tiamat Missile Launcher | -7/Zion | Archive Combat Drone Bay | -6/Data Miner | Free Lgt. Regenerative Plating | -6/Data Miner | Free Enh. Armored Leg | -6/Data Miner | Free Imp. Matter Compressor | -6/Data Miner | Free Enh. Force Rifle | -6/Data Miner | Free Myomer Leg | -6/Data Miner | Free Imp. Point Defense System | -6/Data Miner | Free Railgun | -6/Data Miner | Free Imp. Remote Force Field | -6/Data Miner | Free Impulse Thruster Array | -6/Data Miner | Free Particle Reactor | -6/Data Miner | Free Plasma Sword | -5/Factory | Z-intel Enh. Nuclear Core | -5/Factory | Z-intel Prc. Energy Filter | -5/Factory | Z-intel Scatter Rocket Array | -5/Factory | Z-intel Prc. Assault Rifle | -5/Factory | Z-intel Neutron Cannon | -5/Factory | Z-intel Com. Ion Cannon | -5/Factory | Z-intel Fusion Reactor | -5/Factory | Z-intel Enh. Fission Core | -5/Factory | Z-intel Imp. Energy Well | -5/Factory | Z-intel Biomechanical Wings | -5/Factory | Z-intel Mni. Smartbomb Launcher | -5/Factory | Z-intel Adv. Weight Redist. System | -5/Extension | Z-intel Imp. Weapon Cycler | -5/Extension | Z-intel Imp. Targeting Computer | -5/Extension | Z-intel Imp. System Restoration Module | -5/Extension | Z-intel Recoil Stabilizer | -5/Extension | Z-intel Imp. Medium Armor Plating | -5/Extension | Z-intel Adv. Terrain Scan Processor | -5/Extension | Z-intel KE Penetrator | -5/Extension | Z-intel Hrd. Medium Armor Plating | -5/Extension | Z-intel Imp. Remote Datajack | -5/Extension | Z-intel Xenon Bombardment Thruster | -5/Extension | Z-intel Weapon Cycler | -5/Extension | Z-intel Disruptor Cannon | -5/Extension | Z-intel Gravmag Array | -5/Extension | Z-intel Hvy. Pick | -5/Extension | Z-intel Shield Generator | -5/Extension | Z-intel Enh. Nova Cannon | -4/Factory | Scanalyzed Cld. Antimatter Reactor | -3/Quarantine | Archive Helical Railgun | -3/Quarantine | Archive Electron Diverter | -3/Quarantine | Archive Hvy. Neutron Cannon | -3/Quarantine | Archive Exp. System Shield | -3/Quarantine | Archive Exp. Heat Sink | -3/Quarantine | Archive Exp. Coolant Injector | -3/Protoforge | Archive Centrium Heavy Treads | -3/Protoforge | Archive Centrium Greatsword | -3/Protoforge | Archive Enh. Coil Gun | -3/Protoforge | Archive Graviton Reactor | -3/Protoforge | Archive Cld. Field Propulsion Drive | -3/Protoforge | Archive Exp. Thermal Generator | -3/Protoforge | Archive Robot Schematics ------------------ P-60 Hacker | -7/Zion | Archive K-01 Serf | -7/Zion | Archive G-47 Trooper | -7/Zion | Archive E-15 Imp | -6/Data Miner | Free A-15 Conveyor | -6/Data Miner | Free S-27 Virus | -6/Data Miner | Free A-27 Freighter | -6/Data Miner | Free H-66 Slayer | -6/Data Miner | Free M-36 Artificer | -6/Data Miner | Free W-44 Eye | -6/Data Miner | Free B-74 Champion | -3/Quarantine | Archive L-61 Swordsman | -3/Quarantine | Archive Fabricated ------------ Enh. Nova Cannon | x2 | -3/Research | Preloaded P-60 Hacker | x2 | -2/Research Repaired ---------- Lgt. Treads | 17% | -9/Materials Hvy. Assault Rifle | 1% | -9/Materials Adv. Myomer Leg | 4% | -8/Materials | Broken System Purifier | 97% | -8/Materials | Broken Studied --------- Hvy. Assault Rifle | -9/Materials | Hacked Assault Rifle | -9/Materials | Hacked EM Shotgun | -9/Materials | Hacked Lgt. Treads | -9/Materials | Hacked Hvy. Machine Gun | -6/Factory | Hacked Flexi-carbon Leg | -6/Factory | Hacked Gravmag Array | -4/Factory | Hacked Linear Gravjet | -4/Factory | Hacked Enh. Nova Cannon | -3/Quarantine | Hacked Centrium Leg | -3/Quarantine | Hacked Imp. Thunder Leg | -3/Quarantine | Hacked HERF Cannon | -3/Quarantine | Hacked Quantum Reactor | -1/Access | Hacked Particle Reactor | -1/Access | Hacked Alien Tech Used ----------------- Core Expander Dimensional Node Initializer Core Stripper Phase Armor Sigix Terminator Concept Nanofilaments [Conductive] Transdimensional Reconstructor Subatomic Replicator High-powered Transdimensional Reconstructor Achievements -------------- 150k Club Seal Team Z Challenges ------------ None Game ------ Seed BombardmentSmallPenetrator Manual? 0 Play Time 09:46:37 Cumulative 1377.0 hours Start 2026.02.13 @ 03:37:17 End 2026.02.19 @ 09:22:23 Sessions 9 Manual Loads 0 Difficulty Rogue Special Mode None Game No. 456 Rogue 451 Adventurer 4 Explorer 1 Win Type 6 Total 37 Types 17/5/2/2/1/2/3/1/2/2 Lore% 97 Gallery% 93 Achievement% 86 Wizard Run 0 Options --------- Layout 0 ASCII 0 Keyboard 0 Movement Numpad Keybinds 0 Fullscreen 2 Font 18/SmallcapsGlow Map View 76x50 Zoom Use 0% Tactical HUD 1 Map Filters NONE Filters NONE Steam 1 RUN: 0a5ad0ed-fa4e-4600-89bb-b91b34f84786